Cogmind - Beta 17 @@@ ROGUE MODE // 2026.08.10 @ 19:40:39 Player: Blaj Result: Destroyed by H-88 Terminator with KE Penetrator Performance ------------- Evolutions (9) 4500 Regions Visited (30) 6000 Robots Destroyed (707) 3535 Value Destroyed (36971) 36971 Prototype IDs (92) 1840 Alien Tech Used (8) 1600 Bonus (18629) 18629 TOTAL SCORE: 73075 Bonus ------- Triggered High Security 500 High Alert Combat Kills 7606 Follower Combat Kills 1536 Hunted by Unchained 500 Entered Garrisons 200 Network Hubs Disabled 200 Met Data Miner 300 Met Warlord at Base 500 MAIN.C Attacked Warlord 500 Warlord Defense Kills 922 Met R17 at Cetus 500 Found Hidden Lab 3000 Met R17 at Research 2000 Scanned by Researcher 500 Friendly Fire -135 Cogmind --------- Core Integrity 0/1600 Matter 300/300 Energy 100/100 System Corruption 0% +Membrane Temperature Cool (0) Movement Core (50) Location -1/Access Parts ------- > --- POWER (4) -------- (None) > --- PROPULSION (6) --- (None) > --- UTILITY (12) ----- Experimental Signal Interpreter Advanced Terrain Scan Processor Experimental Core Analyzer Experimental Core Analyzer Graphene Brace Core Physics Calibrator > --- WEAPON (3) ------- (None) > --- INVENTORY (5) ---- Biometal Heavy Treads Advanced Cryofiber Web Advanced Point Defense System Enhanced Hardcell Cannon Peak State ------------ > --- POWER ------------ Reinforced Antimatter Reactor Improved Quantum Reactor Improved Quantum Reactor > --- PROPULSION ------- Biometal Medium Treads Experimental Biometal Heavy Treads High-density Centrium Heavy Treads > --- UTILITY ---------- Advanced Cryofiber Web High-capacity Storage Unit Advanced Terrain Scan Processor Experimental Core Analyzer Experimental Core Analyzer Advanced Phase Shifter Experimental Weapon Shielding Graphene Brace Advanced Force Field Microwarp Drive > --- WEAPON ----------- Cooled Phase Cannon Cooled Phase Cannon Ragnarok Missile Launcher > --- INVENTORY -------- High-density Centrium Heavy Treads High-density Centrium Heavy Treads Improved Energy Well Advanced Energy Well Experimental Matter Compressor Advanced Terrain Scanner Heavy Regenerative Plating Advanced Force Field Advanced Point Defense System Advanced Component Analysis Suite Transdimensional Reconstructor Core Membrane Core Physics Calibrator Vortex Rifle Vortex Rifle Cooled Phase Cannon Warp Cannon [Rating: 223] Favorites ----------- Power Enhanced Nuclear Core Engine Heavy Ion Engine Power Core Enhanced Nuclear Core Reactor Quantum Reactor Propulsion Improved Treads Treads Improved Treads Leg Aluminum Leg Wheel Armored Wheel Utility High-capacity Storage Unit Device Advanced Cooling System Storage High-capacity Storage Unit Processor Experimental Targeting Computer Hackware Hacking Suite Protection Improved Heavy Armor Plating Artifact Phase Armor Weapon Enhanced Hardcell Cannon Energy Gun Force Rifle Energy Cannon Cooled Phase Cannon Ballistic Gun Gauss Rifle Ballistic Cannon Enhanced Hardcell Cannon Launcher Precision Rocket Launcher Special Weapon Mining Laser Slashing Weapon Scythe Special Melee Weapon Datajack Build | -11 -10 -9 -9 -9 -8 -8 -7 -7 -7 -7 -6 -6 -5 -5 -5 -5 -5 -4 -4 -4 -4 -3 -3 -3 -3 -2 -2 -2 -2 -1 ------- Run | Yrd Mat Mat Min Exi Min Mat Fac Low Low Dat Pro Fac Fac Ext Cet Arc Hub Fac Upp Upp War Pro Res Arm Lab Res Qua Sec Gar Acc Slots Evolved 18 | . . 2 . . . 2 2 . . . . 2 2 . . . . 2 . . . . 2 . . 2 . . . 2 Power 3 | . . . . . . . . . . . . 1 . . . . . . . . . . 1 . . . . . . 1 Propulsion 4 | . . 1 . . . . 1 . . . . . . . . . . . . . . . . . . 1 . . . 1 Utility 10 | . . 1 . . . 1 1 . . . . 1 2 . . . . 2 . . . . 1 . . 1 . . . . Weapon 1 | . . . . . . 1 . . . . . . . . . . . . . . . . . . . . . . . . Parts Attached 387 | 1 7 29 2 1 1 21 34 4 2 . 4 19 24 16 13 1 16 18 4 3 7 . 45 22 5 28 16 16 11 17 Power 46 | . . 2 . . . . 4 . . . 1 2 2 3 1 . 1 1 1 . 1 . 6 5 . 6 2 5 1 2 Engine 4 | . . 2 . . . . 1 . . . . . . 1 . . . . . . . . . . . . . . . . Core 10 | . . . . . . . 3 . . . 1 2 1 2 . . . . . . . . 1 . . . . . . . Reactor 32 | . . . . . . . . . . . . . 1 . 1 . 1 1 1 . 1 . 5 5 . 6 2 5 1 2 Propulsion 62 | . 2 6 1 . . 4 8 . 1 . . 7 3 5 3 . . 2 . . 1 . 4 2 . 3 3 1 3 3 Treads 57 | . 2 6 1 . . 4 5 . 1 . . 6 3 5 3 . . 2 . . . . 4 2 . 3 3 1 3 3 Leg 1 | . . . . . . . . . . . . . . . . . . . . . 1 . . . . . . . . . Wheel 4 | . . . . . . . 3 . . . . 1 . . . . . . . . . . . . . . . . . . Hover . | . . . . . . . . . . . . . . . . . . . . . . . . . . . . . . . Flight . | . . . . . . . . . . . . . . . . . . . . . . . . . . . . . . . Utility 177 | 1 1 9 1 . . 7 14 2 1 . . 4 14 6 5 1 12 11 2 3 4 . 24 9 3 11 11 7 5 9 Device 95 | 1 . 2 1 . . 2 7 2 . . . 2 9 4 2 1 7 7 1 1 3 . 14 4 1 6 8 5 2 3 Storage 11 | . 1 2 . . . . 1 . . . . . . . . . . . . . 1 . 2 . . . . . 2 2 Processor 21 | . . 1 . . . 2 3 . . . . 1 3 . . . . 1 . 2 . . 2 . . 3 1 . . 2 Hackware 13 | . . . . . . . 1 . . . . . . . . . 2 2 . . . . 2 4 1 . . . . 1 Protection 34 | . . 4 . . . 3 2 . 1 . . 1 2 2 3 . 3 1 1 . . . 4 1 1 2 1 1 1 . Artifact 3 | . . . . . . . . . . . . . . . . . . . . . . . . . . . 1 1 . 1 Weapon 102 | . 4 12 . 1 1 10 8 2 . . 3 6 5 2 4 . 3 4 1 . 1 . 11 6 2 8 . 3 2 3 Energy Gun 24 | . . 5 . 1 . . 1 . . . . 4 3 . 1 . . . 1 . . . 2 3 . 1 . . 1 1 Energy Cannon 19 | . 1 1 . . . . . 1 . . . 1 1 . . . . . . . . . 5 . . 5 . 3 . 1 Ballistic Gun 27 | . 2 4 . . . 9 1 . . . 2 1 1 . 3 . 2 . . . 1 . . . . . . . . 1 Ballistic Cannon 15 | . . . . . . . 2 . . . . . . . . . 1 4 . . . . 3 3 1 1 . . . . Launcher 12 | . . 1 . . 1 1 3 . . . 1 . . 2 . . . . . . . . 1 . . 1 . . 1 . Special Weapon 2 | . 1 . . . . . . . . . . . . . . . . . . . . . . . 1 . . . . . Impact Weapon . | . . . . . . . . . . . . . . . . . . . . . . . . . . . . . . . Slashing Weapon 2 | . . . . . . . 1 1 . . . . . . . . . . . . . . . . . . . . . . Piercing Weapon . | . . . . . . . . . . . . . . . . . . . . . . . . . . . . . . . Special Melee Weapon 1 | . . 1 . . . . . . . . . . . . . . . . . . . . . . . . . . . . Unidentified Prototypes 25 | . . . . . . . 1 . . . . 2 . . 4 . 3 . . . 3 . 3 . 1 . 4 2 . 2 Corrupted Parts 2 | . . . . . . . . . . . 1 . . . . . . . . . 1 . . . . . . . . . System Corruption 3 | . . . . . . . . . . . 2 . . . . . . . . . 1 . . . . . . . . . Parts Lost 70 | . 1 2 . . . 1 7 . . . 1 . 2 . 1 . 6 2 4 . . . 7 2 . 5 1 . 4 24 Power 8 | . . . . . . . . . . . . . . . . . . . 1 . . . 1 . . 1 . . . 5 Propulsion 11 | . . . . . . 1 4 . . . . . 1 . . . . . . . . . . . . . . . 1 4 Utility 40 | . . 2 . . . . 2 . . . . . 1 . 1 . 6 2 2 . . . 5 2 . 3 1 . 3 10 Weapon 11 | . 1 . . . . . 1 . . . 1 . . . . . . . 1 . . . 1 . . 1 . . . 5 Highest Loss Streak 13 | . 1 1 . . . 1 2 . . . 1 . 1 . 1 . 3 1 2 . . . 2 1 . 2 1 . 2 13 To Critical Strikes . | . . . . . . . . . . . . . . . . . . . . . . . . . . . . . . . Average Backups 17 | 6 7 17 20 20 20 19 19 19 19 19 19 19 19 18 17 16 16 15 16 17 17 18 17 17 14 17 18 16 15 17 Power . | 1 1 1 1 1 1 1 1 1 2 2 1 1 1 1 1 2 2 1 1 1 . . . . . . . . . . Propulsion 2 | 4 3 2 3 3 3 1 1 2 3 3 2 2 2 2 2 2 2 2 2 2 2 2 1 2 1 1 1 2 1 2 Utility 9 | . . 6 7 8 8 8 11 10 9 10 9 9 9 10 10 8 9 10 10 11 10 12 10 9 6 7 10 8 6 8 Weapon 4 | 1 2 6 7 8 7 6 4 4 4 4 4 4 4 4 3 4 3 1 2 2 2 3 3 5 4 4 4 4 4 4 Tool/Special . | . . . . . . . . . . . . . . . . . . . . . . . . . . . . . . . Unused Backups 87 | . 7 9 . 1 . 1 11 1 . . . 2 2 3 2 1 1 2 . . 3 . 13 6 2 6 5 3 . 6 Power 7 | . . 3 . . . . 1 . . . . . . 2 . . . . . . 1 . . . . . . . . . Propulsion 17 | . 4 . . . . 1 3 . . . . . . 1 1 . . . . . 1 . . 2 1 . 1 . . 2 Utility 45 | . 2 1 . 1 . . 6 1 . . . 1 2 . 1 1 1 2 . . 1 . 11 2 . 5 4 1 . 2 Weapon 17 | . 1 5 . . . . 1 . . . . 1 . . . . . . . . . . 2 2 . 1 . 2 . 2 Tool/Special 1 | . . . . . . . . . . . . . . . . . . . . . . . . . 1 . . . . . Average Slot Usage (%) 90 | . 98 99 100 100 100 99 99 99 94 76 91 94 98 100 90 86 86 83 83 83 79 78 81 89 71 86 85 85 84 77 Engine 2 | . 14 11 11 11 11 9 2 . . . . . . 1 . . . . . . . . . . . . . . . . Core 2 | . . . . . . . 4 7 7 7 6 13 7 8 9 5 5 1 . . . . . . . . . . . . Reactor 5 | . . . . . . . . . . . . . 3 . . 5 5 8 10 10 6 5 8 14 11 12 12 13 13 11 Treads 17 | . 20 32 33 33 33 26 29 15 15 15 14 18 22 23 14 11 11 10 10 9 9 10 9 8 7 10 13 12 12 11 Wheel 1 | . . . . . . . . 15 15 15 15 7 . . . . . . . . . . . . . . . . . . Device 18 | . 12 10 11 11 11 16 15 14 9 7 7 12 22 23 16 15 15 25 26 26 22 26 24 22 21 26 25 19 17 17 Storage 6 | . 14 11 11 11 11 9 7 7 7 7 7 6 5 5 5 5 5 5 5 5 8 5 4 4 3 4 4 4 9 5 Processor 7 | . . 2 . . . 3 7 7 7 7 7 7 9 11 11 11 8 5 5 7 10 10 10 14 10 8 13 13 13 13 Protection 6 | . . 8 11 11 11 6 5 7 6 7 7 6 5 5 11 11 9 5 4 5 5 5 5 8 6 7 . 6 5 4 Energy Gun 4 | . . 10 20 11 21 5 1 4 6 . 6 5 13 13 4 . 1 . 2 . . . . 5 . . . . 2 3 Energy Cannon 2 | . . . . . . . . 5 15 2 3 1 2 1 . . . . . . . . 2 . . 4 12 12 9 6 Ballistic Gun 5 | . 23 9 . . . 19 19 4 . . 9 11 . . 12 17 14 6 . . . . . . . . . . . . Ballistic Cannon 3 | . . . . . . . 1 7 . . . . . . . . . 8 9 14 14 14 9 8 3 7 . . . . Peak Build Rating 223 | 7 7 22 23 22 23 36 47 52 49 49 51 75 94 95 134 134 136 141 137 131 144 145 178 177 186 198 210 215 223 213 Average Rating 101 | 6 6 16 21 20 22 30 41 47 46 36 48 62 88 88 121 132 129 134 128 129 138 144 158 169 142 186 203 204 196 196 On Entrance 97 | 6 7 7 22 20 22 22 33 44 49 46 49 48 73 89 94 134 134 119 135 130 131 144 145 169 175 183 187 208 202 195 Avg Prop Armor Cover (%) 10 | . . . . . . . 11 12 11 12 10 11 . . . . . . . . . . . . . 3 2 3 . 9 Naked Turns . | . . . . . . . . . . . . . . . . . . . . . . . . . . . . . . . Heaviest Build 224 | 15 21 64 64 60 65 102 90 98 89 87 91 103 102 111 116 117 123 145 146 130 149 146 162 140 140 182 205 195 178 224 Greatest Support 255 | 20 40 63 66 66 66 69 92 40 24 24 40 110 110 105 160 160 160 160 160 160 160 160 160 160 160 195 205 210 210 255 Greatest Overweight (x) 8 | . . 1 1 . . 1 6 4 3 3 3 8 . 1 1 . . . . . 1 . 1 1 1 . 1 1 1 1 Average Overweight (x) . | . . . . . . . . 3 3 2 2 2 . . . . . . . . . . . . . . . . . . Largest Inventory Capacity 25 | 8 10 20 20 20 20 20 20 20 20 20 20 20 20 20 20 20 20 20 20 20 20 20 25 20 20 20 20 20 20 25 Average Capacity 19 | 8 8 19 20 20 20 20 20 20 20 20 20 20 20 20 20 20 20 20 20 20 20 20 20 20 16 20 20 20 20 23 Most Carried 25 | 7 9 20 20 20 20 20 20 20 20 20 20 20 20 20 20 20 20 20 20 20 20 20 20 20 20 20 20 20 20 25 Average Carried 19 | 6 7 17 19 19 20 19 19 19 19 19 19 19 19 19 19 19 19 19 18 19 19 20 19 19 15 19 19 19 19 20 Final Capacity 20 | 8 10 20 20 20 20 20 20 20 20 20 20 20 20 20 20 20 20 20 20 20 20 20 20 20 20 20 20 20 20 5 Final Carried 20 | 7 9 20 20 20 20 20 19 20 20 20 19 20 19 20 20 20 19 20 19 20 20 20 20 20 20 20 20 20 20 5 Class Distribution -------------------- 35% | Scavenger-Tank 20% | Gunner 16% | Tank 12% | Mutant 5% | Scavenger-Mutant 3% | Scavenger-Gunner Dominant Class ---------------- Mutant | -10/Materials Scavenger-Mutant | -9/Materials Mutant | -9/Mines Mutant | -9/Exiles Mutant | -8/Mines Tank | -8/Materials Gunner | -7/Factory Tank | -7/Lower Caves Gunner | -7/Lower Caves Mutant | -7/Data Miner Gunner | -6/Proximity Caves Gunner | -6/Factory Gunner | -5/Factory Scavenger-Gunner | -5/Extension Scavenger-Tank | -5/Cetus Scavenger-Tank | -5/Archives Scavenger-Tank | -5/Hub_04(d) Scavenger-Tank | -4/Factory Scavenger-Tank | -4/Upper Caves Tank | -4/Upper Caves Commander-Tank | -4/Warlord Tank | -3/Proximity Caves Scavenger-Tank | -3/Research Scavenger-Tank | -3/Armory Scavenger-Mutant | -3/Lab Scavenger-Tank | -2/Research Scavenger-Tank | -2/Quarantine Scavenger-Tank | -2/Section 7 Scavenger-Tank | -2/Garrison Scavenger-Tank | -1/Access Resources | -11 -10 -9 -9 -9 -8 -8 -7 -7 -7 -7 -6 -6 -5 -5 -5 -5 -5 -4 -4 -4 -4 -3 -3 -3 -3 -2 -2 -2 -2 -1 ----------- Run | Yrd Mat Mat Min Exi Min Mat Fac Low Low Dat Pro Fac Fac Ext Cet Arc Hub Fac Upp Upp War Pro Res Arm Lab Res Qua Sec Gar Acc Matter Collected 26102 | 270 150 1228 127 30 170 1867 2295 511 119 . 910 1012 1040 429 386 596 1253 2279 796 493 407 144 3385 1587 401 1693 500 503 447 1074 Remotely 7308 | . . . . . . . 879 105 . . . 110 . . . . . 1729 590 139 234 . 1727 757 . 988 . 50 . . Salvage Created 33360 | 137 289 1746 98 . 325 2675 2782 351 115 . 779 1825 2970 941 660 614 2156 2000 304 139 312 174 1350 1861 . 1268 1150 2418 1666 2255 Parts 1499 | 9 20 95 8 . 16 148 126 17 11 . 33 64 153 41 27 33 128 95 7 2 12 6 45 79 . 63 18 108 41 94 Haulers Intercepted 26 | . 1 5 . . . 6 2 . . . . 2 5 . . . 1 2 . . . . . . . 1 . 1 . . Recyclers Shooed 19 | . . . . . . 2 3 . . . . 4 3 1 . . . 6 . . . . . . . . . . . . Parts Field Recycled 15 | . . . . . . . 4 11 . . . . . . . . . . . . . . . . . . . . . . Retrieved Matter 192 | . . . . . . . 43 149 . . . . . . . . . . . . . . . . . . . . . . Parts Self-Destructed 52 | . . . . . . . . 6 9 . 22 . . . . . . . 3 9 . 3 . . . . . . . . Prevented 12 | . . . . . . . . . 3 . 9 . . . . . . . . . . . . . . . . . . . Parts Restored . | . . . . . . . . . . . . . . . . . . . . . . . . . . . . . . . Kills | -11 -10 -9 -9 -9 -8 -8 -7 -7 -7 -7 -6 -6 -5 -5 -5 -5 -5 -4 -4 -4 -4 -3 -3 -3 -3 -2 -2 -2 -2 -1 ------- Run | Yrd Mat Mat Min Exi Min Mat Fac Low Low Dat Pro Fac Fac Ext Cet Arc Hub Fac Upp Upp War Pro Res Arm Lab Res Qua Sec Gar Acc Combat Hostiles Destroyed 548 | . 6 32 1 . 9 39 36 7 4 . 18 15 32 16 8 4 26 41 4 2 6 7 38 36 . 22 17 34 30 58 Guns 221 | . 6 21 1 . 7 36 26 2 1 . 6 12 28 6 8 4 26 10 . . . . . 15 . . . . 1 5 Cannons 168 | . . 1 . . . . 3 3 1 . 4 3 3 . . . . 21 3 2 . 3 23 18 . 11 14 31 11 13 AOE 136 | . . 8 . . 2 2 6 2 2 . 8 . . 10 . . . 10 1 . 6 4 14 . . 5 1 . 17 38 Classes Destroyed 28 | 2 4 7 . . . 2 3 2 . . 1 . . 1 . . . . . . 1 . 2 1 . . 1 1 . . Worker 19 | . . 2 . . . 1 6 . . . . 3 1 1 . . 1 3 . . . . . . . . . 1 . . Builder 27 | . 2 . 2 . . 2 . . . . . . 3 . . . 7 7 . . . . . . . . . 1 . 3 Tunneler 13 | 3 . 4 1 . 1 1 1 . . . . . . . . . 1 1 . . . . . . . . . . . . Hauler 26 | . 1 5 . . . 6 2 . . . . 2 5 . . . 1 2 . . . . . . . 1 . 1 . . Recycler 26 | 1 . 2 . . . 1 10 . . . . 4 2 1 . . . 3 . . . . . . . . . . . 2 Mechanic 4 | . . . . . . . 1 . . . . 2 . . . . . . . . . . . . . . . . . 1 Operator 15 | . . 1 . . . 1 1 . . . . . 1 1 . 7 1 1 . . . . 1 . . . . . . . Drone 5 | . . . . . . . . . . . 2 . . . . . . . . . . . . . . . . . . 3 Watcher 27 | . . 5 . . . 5 4 . . . . . 2 . 1 . 4 2 . . . . . 3 . 1 . . . . Swarmer 103 | . 2 4 . . 3 . 2 1 2 . . . 5 1 . . . 15 . . . 2 15 10 . 5 . 9 5 22 Saboteur 2 | . . . . . . . . . . . . . . . . . . . . . . . . 1 . . . . . 1 Grunt 169 | . 4 16 . . 5 26 18 2 1 . 6 7 8 6 . . 11 10 . . 4 5 2 11 . 2 3 1 13 8 Brawler 12 | . . 1 . . . 1 2 . . . 1 . . 1 . . . . . . . . . . . . . . 2 4 Duelist 21 | . . 2 1 . 1 1 . 1 . . 2 . . 2 . . . . . 1 . . . 4 . 2 . . . 4 Protector 4 | . . 1 . . . . 1 . . . . . . . . . . . . . . . . . . . . . . 2 Sentry 65 | . . 8 . . . 9 4 2 1 . 1 3 2 2 . 4 4 3 . . . . 3 2 . 2 6 3 3 3 Demolisher 5 | . . . . . . . . . . . . . . . . . . . . . . . 3 . . 2 . . . . Specialist 17 | . . . . . . . 2 . . . 3 2 2 1 . . 2 4 . . 1 . . . . . . . . . Hunter 31 | . . . . . . 1 1 . . . 2 . 2 . . . . . 2 . . . 6 . . 2 . 10 5 . Programmer 68 | . . . . . . . 6 . . . 1 3 13 1 . . 6 8 2 1 . . . 8 . 2 . 7 . 10 Heavy 3 | . . . . . . 1 . . . . . . . . . . 2 . . . . . . . . . . . . . Behemoth 8 | . . . . . . . . . . . . . . 2 . . 1 1 . . . . . . . 2 . . 2 . Cetus Guard 8 | . . . . . . . . . . . . . . . 8 . . . . . . . . . . . . . . . Quarantine Guard 7 | . . . . . . . . . . . . . . . . . . . . . . . . . . . 7 . . . S7 Guard 2 | . . . . . . . . . . . . . . . . . . . . . . . . . . . . 2 . . Striker 9 | . . . . . . . . . . . . . . . . . . . . . 1 . 6 . . 2 . . . . Executioner 4 | . . . . . . . . . . . . . . . . . . . . . . . 3 . . . . . . 1 Alpha 7 2 | . . . . . . . . . . . . . . . . . . . . . . . . . . . . 2 . . Fortress 1 | . . . . . . . . . . . . . . . . . . . . . . . . . . . 1 . . . Packrat 4 | . . . . . . . . . . . . . . . . . . . 3 1 . . . . . . . . . . Thief 1 | . . . . . . . . 1 . . . . . . . . . . . . . . . . . . . . . . Savage 1 | . . . . . . . . . . . . . . 1 . . . . . . . . . . . . . . . . Butcher 1 | . . . . . . . . . . . . . . . . . . . . . . . . . . 1 . . . . Mutant 1 | . . . . . . . . 1 . . . . . . . . . . . . . . . . . . . . . . Best Kill Streak 22 | 2 4 7 2 . 4 5 8 3 2 . 4 8 5 11 4 4 6 16 4 1 6 5 9 12 . 6 7 5 10 22 Combat Bots Only 19 | . 4 6 1 . 3 4 5 3 2 . 4 6 4 11 4 2 5 7 4 1 6 5 9 12 . 6 7 5 10 19 Max Kills in Single Turn 7 | 1 1 2 1 . 1 2 3 1 1 . 4 2 1 4 2 1 2 3 1 1 2 2 5 3 . 2 1 2 4 7 Gunslinging 1 | . . . . . . . . . . . . . . . 1 . . . . . . . . 1 . . . . . . Exploded 6 | . . 2 . . 1 1 2 1 1 . 4 . . 3 . . . 2 1 . 2 2 5 . . 2 1 . 4 6 Melee . | . . . . . . . . . . . . . . . . . . . . . . . . . . . . . . . Uniques/NPCs Destroyed . | . . . . . . . . . . . . . . . . . . . . . . . . . . . . . . . Combat | -11 -10 -9 -9 -9 -8 -8 -7 -7 -7 -7 -6 -6 -5 -5 -5 -5 -5 -4 -4 -4 -4 -3 -3 -3 -3 -2 -2 -2 -2 -1 -------- Run | Yrd Mat Mat Min Exi Min Mat Fac Low Low Dat Pro Fac Fac Ext Cet Arc Hub Fac Upp Upp War Pro Res Arm Lab Res Qua Sec Gar Acc Hostile Shots Fired 3532 | . 45 92 3 . 32 119 285 84 14 . 107 193 176 12 55 20 195 260 136 6 32 25 216 142 . 168 150 248 203 514 Missed 1013 | . 11 29 1 . 10 33 92 28 9 . 30 68 41 7 16 10 43 79 43 2 10 11 61 31 . 44 37 77 56 134 Intercepted 2 | . . . . . . . . . . . . . . . . . . . . . 1 . . . . 1 . . . . Hits 2519 | . 34 63 2 . 22 86 193 56 5 . 77 125 135 5 39 10 152 181 93 4 22 14 155 111 . 124 113 171 147 380 Melee 68 | . . 2 1 . 1 . 3 2 . . 2 . . . . . . . . . . . 6 15 . 7 . . . 29 Projectile 2451 | . 34 61 1 . 21 86 190 54 5 . 75 125 135 5 39 10 152 181 93 4 22 14 149 96 . 117 113 171 147 351 AOE 25 | . . . . . . . . . . . . . . . . . 1 . . . 5 . 17 . . 1 . . . 1 Critical Strikes 121 | . . 1 . . 1 3 4 2 . . 4 6 7 1 2 . 6 9 8 . 2 1 7 11 . 5 6 7 6 22 Actively Blocked 67 | . . . . . . . . . . . . . . . . . . . 5 . 1 1 7 11 . 5 2 7 6 22 Part Disruptions 9 | . . . . . . . . . . . 4 1 . . . . . 1 . . . . . . . . . . . 3 Damage Taken 42683 | . 587 753 41 . 246 1067 1706 460 25 . 1167 1365 1696 142 929 261 2639 2749 1641 91 584 164 3816 1862 . 3319 2528 2015 2838 7992 Core 4927 | . 233 118 . . 18 145 148 56 . . 147 110 60 . 116 . 194 163 99 18 14 14 202 163 . 165 589 363 259 1533 Absorbed by Shields 12123 | . . 124 . . 80 312 457 184 4 . 119 466 629 51 145 . 589 431 183 36 72 155 1201 815 . 20 1198 1884 1161 1807 Reduced by Siege Mode 1505 | . . . . . . . . . . . . . . . 36 22 89 107 . 5 . . 170 105 . 130 199 57 178 407 Redirected to Core 557 | . . . . . . . . . . . . . . . . . . . . . . . . . . . 466 91 . . Redirected to Shielding 268 | . . . . . . . . . . . . . . . . . . . . . . . 93 . . 30 . 106 39 . Ignored by Resistances 752 | . . . . . . 87 243 211 . . . 13 . . . . . . . . . . . 57 . 23 . . . 118 Regen/Repaired (Parts) 5555 | . 66 188 . . . 196 . . . . . 593 181 . . . . . . . 1168 . 1487 . . . . 690 832 154 Core Remaining (%) 61 | 100 6 . . . 66 73 . . . . 49 87 . . . . 63 . . . . 73 . . 71 . . . 30 . Volleys Fired 1577 | 10 43 89 8 . 20 114 153 26 7 . 46 71 118 31 43 27 86 105 20 19 9 12 85 101 3 73 45 86 43 84 Largest 3 | 2 2 2 2 . 2 3 3 3 3 . 3 3 3 3 3 3 3 3 3 3 1 3 3 3 1 3 3 3 3 3 Hottest 360 | 40 120 100 145 . 100 135 100 145 145 . 185 240 245 258 240 105 310 171 156 168 55 168 202 224 58 174 330 360 360 305 Shots Fired 3543 | 20 69 161 13 . 34 316 374 58 16 . 100 176 281 70 103 79 212 218 35 33 10 24 185 218 5 114 117 214 110 178 Gun 2098 | 20 54 142 12 . 28 305 345 33 4 . 64 151 236 49 103 79 212 63 . . . . 3 116 . . . . 14 65 Cannon 1300 | . . 3 . . . 1 22 22 10 . 27 25 45 14 . . . 142 29 33 5 19 175 102 5 111 117 214 88 91 Launcher 118 | . . 13 . . 3 6 6 3 2 . 9 . . 7 . . . 13 6 . 5 5 7 . . 3 . . 8 22 Special 27 | . 15 3 1 . 3 4 1 . . . . . . . . . . . . . . . . . . . . . . . Kinetic 1862 | 20 54 62 3 . . 270 322 27 . . 45 96 20 . 48 79 186 199 29 33 5 19 144 101 5 79 . . . 16 Thermal 1336 | . 15 6 1 . 3 4 45 17 4 . 31 78 261 63 55 . 26 6 . . . . . 117 . 32 117 214 102 139 Explosive 118 | . . 13 . . 3 6 6 3 2 . 9 . . 7 . . . 13 6 . 5 5 7 . . 3 . . 8 22 Electromagnetic 223 | . . 80 9 . 28 36 1 11 10 . 15 2 . . . . . . . . . . 31 . . . . . . . Entropic 4 | . . . . . . . . . . . . . . . . . . . . . . . 3 . . . . . . 1 Robot Hit Streak 55 | 8 10 36 6 . 11 32 14 9 4 . 9 16 16 14 33 31 55 32 14 6 5 13 34 30 . 17 27 41 21 29 Robot Miss Streak 10 | 3 2 3 1 . 3 4 3 3 2 . 4 3 4 1 2 2 5 3 2 1 1 . 2 3 . 3 1 10 1 2 Penetration Max 1 | . . . . . . 1 1 1 . . . 1 . . . 1 1 1 . . . . . . . . . . . . Secondary Targets 23 | . 1 1 . . . 1 2 . . . . 2 3 . 2 . 3 . . . . . . 8 . . . . . . Max Gunslinging Chain 1 | . 1 1 . . . 1 1 . . . . 1 1 . 1 . 1 . . . . . . 1 . . . . . . Shots Hit Robots 2335 | 11 41 121 10 4 25 231 239 36 7 1 57 113 177 80 80 63 155 136 20 12 5 8 117 135 . 67 88 109 80 107 Core Hits 1302 | 5 17 90 5 . 24 105 106 23 5 . 36 53 74 43 29 28 78 87 10 3 21 17 67 65 . 35 47 62 58 109 Critical Kills 58 | . . 1 . . . 1 2 . . . . 1 11 3 3 4 9 7 . . . . . 4 . 6 1 2 1 2 Critical Parts Destroyed 55 | . . . . . . 2 . . . . 2 3 10 3 5 5 14 7 . . . . . 4 . . . . . . Critical Strikes 161 | . . 1 . . . 3 6 . . . 5 5 21 7 11 10 25 25 1 . . . 9 15 . 11 1 2 1 2 Burn 6 | . . . . . . . 3 . . . 2 1 . . . . . . . . . . . . . . . . . . Meltdown 12 | . . . . . . . . . . . . . . . . . . . . . . . . . . 6 1 2 1 2 Destroy 110 | . . 1 . . . 3 3 . . . 2 4 21 7 11 10 25 15 . . . . . 8 . . . . . . Blast 33 | . . . . . . . . . . . 1 . . . . . . 10 1 . . . 9 7 . 5 . . . . Melee Attacks 49 | . . 2 . 4 . 5 4 . . 1 . . 1 32 . . . . . . . . . . . . . . . . Impact . | . . . . . . . . . . . . . . . . . . . . . . . . . . . . . . . Slashing 3 | . . . . . . . 3 . . . . . . . . . . . . . . . . . . . . . . . Piercing . | . . . . . . . . . . . . . . . . . . . . . . . . . . . . . . . Sneak Attacks 45 | . . 2 . 4 . 5 1 . . 1 . . 1 31 . . . . . . . . . . . . . . . . Combat Hostiles . | . . . . . . . . . . . . . . . . . . . . . . . . . . . . . . . Follow-up Attacks . | . . . . . . . . . . . . . . . . . . . . . . . . . . . . . . . Damage Inflicted 96926 | 145 502 3259 343 . 802 4927 5737 1268 347 . 2136 2643 4971 2832 1979 1711 5381 8041 843 574 1145 1140 6921 5126 . 3781 4570 5594 6782 13426 Guns 35952 | 145 493 1966 145 . 379 4504 4288 502 59 . 799 2265 4480 919 1979 1711 5328 1570 . . . . 59 2894 . . . . 183 1284 Cannons 31668 | . . 52 . . . . 257 340 92 . 422 335 410 281 . . . 4181 554 574 . 179 4491 2232 . 3073 3744 5499 2864 2088 Explosions 28276 | . . 1070 159 . 420 423 1100 335 196 . 915 . . 1547 . . . 2189 289 . 1145 961 2371 . . 662 779 . 3715 10000 Melee . | . . . . . . . . . . . . . . . . . . . . . . . . . . . . . . . Ramming 1030 | . 9 171 39 . 3 . 92 91 . . . 43 81 85 . . 53 101 . . . . . . . 46 47 95 20 54 Kinetic 34928 | 145 493 824 52 . . 4054 4055 403 . . 603 1327 251 . 898 1711 4996 5715 554 574 . 179 3743 2232 . 1784 . . . 335 Thermal 30726 | . . 254 159 . 211 65 490 301 59 . 387 1223 4639 1200 1081 . 332 36 . . . . . 2894 . 1289 4523 5499 3047 3037 Explosive 26824 | . . 868 . . 209 358 1100 299 196 . 915 . . 1547 . . . 2189 289 . 1145 961 2371 . . 662 . . 3715 10000 Electromagnetic 3359 | . . 1142 93 . 379 450 . 174 92 . 231 50 . . . . . . . . . . 748 . . . . . . . Impact . | . . . . . . . . . . . . . . . . . . . . . . . . . . . . . . . Slashing . | . . . . . . . . . . . . . . . . . . . . . . . . . . . . . . . Piercing . | . . . . . . . . . . . . . . . . . . . . . . . . . . . . . . . Entropic 59 | . . . . . . . . . . . . . . . . . . . . . . . 59 . . . . . . . Highest Corruption 20 | . . . . . . . 1 1 1 1 7 6 3 3 1 1 11 3 8 9 9 3 16 20 20 . . 8 8 . Average Corruption 6 | . . . . . . . 1 1 1 1 4 4 2 1 1 1 4 2 7 8 3 3 13 18 20 . . 5 8 . Corruption Purged 6 | . . . . . . . 2 . . . . . . 3 . 1 . . . . . . . . . . . . . . Corruption Blocked 6 | . . . . . . . . . . . . . 6 . . . . . . . . . . . . . . . . . Effects 499 | . . . . . . . 7 12 8 . 31 23 24 6 4 1 36 17 22 58 5 16 29 78 49 . . 35 38 . Message Errors 120 | . . . . . . . 2 4 . . 6 4 8 . 1 . 10 7 5 13 . 4 6 19 14 . . 9 8 . Matter Fused 124 | . . . . . . . 1 3 3 . 10 5 6 2 1 . 9 1 4 14 2 4 10 18 13 . . 6 12 . Heat Flow Errors 57 | . . . . . . . 1 2 1 . 5 7 4 2 1 . 1 3 1 9 . 2 2 7 4 . . 3 2 . Energy Discharges 50 | . . . . . . . 2 1 1 . 2 1 . . . . 3 2 2 4 . 1 5 8 5 . . 7 6 . Parts Rejected 5 | . . . . . . . . . . . . . . . 1 . . . 1 . . 1 . 1 . . . 1 . . Parts Fused 7 | . . . . . . . . . . . . . . 1 . . . . 1 1 1 2 . . . . . . 1 . Data Loss (minor) 70 | . . . . . . . . 1 2 . 4 2 4 1 . 1 8 4 4 12 1 . 3 8 8 . . 6 1 . Data Loss (major) 15 | . . . . . . . . . 1 . 2 1 1 . . . 1 . 2 1 . 1 . . 2 . . 3 . . Misfires 22 | . . . . . . . 1 . . . . 2 . . . . 1 . 1 3 1 1 3 2 2 . . . 5 . Alerts 9 | . . . . . . . . 1 . . 2 . 1 . . . 1 . . . . . . 2 1 . . . 1 . Misdirections 1 | . . . . . . . . . . . . . . . . . . . . . . . . 1 . . . . . . Weapon Failures 19 | . . . . . . . . . . . . 1 . . . . 2 . 1 1 . . . 12 . . . . 2 . Overload Shots 81 | . . . . . . . 3 . . . 5 2 . . 1 . 2 . . . . . . . . . . 57 7 4 Effects 6 | . . . . . . . . . . . 1 . . . . . . . . . . . . . . . . 3 1 1 Energy Bleed 2 | . . . . . . . . . . . . . . . . . . . . . . . . . . . . 1 1 . Heat Surge 2 | . . . . . . . . . . . . . . . . . . . . . . . . . . . . 1 . 1 Short Circuit 2 | . . . . . . . . . . . 1 . . . . . . . . . . . . . . . . 1 . . Overflow Damage 2091 | . . 54 3 . 2 49 18 5 2 . 9 . 17 17 . . 10 308 42 90 12 25 134 95 . 152 19 229 73 726 Projectiles 912 | . . . . . . . . 3 2 . 9 . 17 11 . . . 209 42 90 . . 59 95 . 74 . 194 . 107 Explosions 1118 | . . 54 . . 2 49 7 . . . . . . 6 . . . 99 . . 12 25 75 . . 78 19 . 73 619 Melee 61 | . . . 3 . . . 11 2 . . . . . . . . 10 . . . . . . . . . . 35 . . Knockbacks 103 | . . 3 . . . . 3 2 . . . 1 1 . . . . 26 5 8 . 1 34 14 . 5 . . . . Impact 5 | . . 3 . . . . . . . . . 1 1 . . . . . . . . . . . . . . . . . Kinetic 92 | . . . . . . . 3 2 . . . . . . . . . 22 5 8 . 1 34 12 . 5 . . . . Secondary 6 | . . . . . . . . . . . . . . . . . . 4 . . . . . 2 . . . . . . Self-Inflicted Damage 786 | . . . . . 49 . . . . . 7 . 17 . . . . . 31 . 11 21 148 . . 43 91 . . 368 Shots 18 | . . . . . 3 . . . . . 1 . 1 . . . . . 1 . 1 2 3 . . 2 1 . . 3 Rammed 114 | . 7 17 3 . 2 . 5 29 . . . 2 8 5 . . 3 9 . . . . . . . 2 1 5 1 15 Targets Rammed 124 | . 7 18 3 . 2 . 6 32 . . . 3 10 5 . . 4 10 . . . . . . . 2 1 5 1 15 Kicked . | . . . . . . . . . . . . . . . . . . . . . . . . . . . . . . . Crushed 10 | . . 1 . . . . 1 3 . . . 1 2 . . . 1 1 . . . . . . . . . . . . Highest Temperature 396 | . 60 147 156 . 234 211 228 183 257 . 280 376 396 282 288 326 362 342 105 302 42 241 343 265 195 283 338 208 . 8 Average Temperature 81 | . 20 33 60 . 97 48 54 71 114 . 103 105 101 87 155 157 97 77 30 93 19 127 93 65 76 63 129 78 . 5 Received Heat Transfer 5391 | . 189 292 . . 85 518 558 78 6 . 205 477 271 32 72 36 366 345 26 . 53 24 151 150 . 247 155 80 412 563 Effects 21 | . . . . . . . . . . . . 4 5 . . . 3 2 . 3 . . 2 . . 1 1 . . . Shutdowns 1 | . . . . . . . . . . . . . 1 . . . . . . . . . . . . . . . . . Energy Bleed 7 | . . . . . . . . . . . . 1 1 . . . 1 1 . . . . 2 . . 1 . . . . Interference 12 | . . . . . . . . . . . . 3 3 . . . 2 1 . 3 . . . . . . . . . . Matter Decay 1 | . . . . . . . . . . . . . . . . . . . . . . . . . . . 1 . . . Siege Activations 57 | . . . . . . . . . . . . . . . 1 3 6 8 . 1 . . 5 9 . 3 6 11 2 2 Total Turns 1567 | . . . . . . . . . . . . . . . 41 133 152 279 . 42 . . 74 221 . 65 119 272 96 73 Longest Duration 108 | . . . . . . . . . . . . . . . 41 73 65 108 . 42 . . 26 49 . 25 44 71 67 52 Martial Activations . | . . . . . . . . . . . . . . . . . . . . . . . . . . . . . . . Shielding Activations . | . . . . . . . . . . . . . . . . . . . . . . . . . . . . . . . Robots Disrupted 3 | . . . . . . 1 . . . . . . . . . . . . . . . . . . . . 2 . . . Combat Hostiles 3 | . . . . . . 1 . . . . . . . . . . . . . . . . . . . . 2 . . . Robots Corrupted 8 | . . 2 1 . . 1 1 . . . . . . . . . . . . . . . 1 . . . . 2 . . Combat Hostiles 4 | . . 2 . . . 1 . . . . . . . . . . . . . . . . 1 . . . . . . . Parts Fried 27 | . . 13 4 . . 1 . . 1 . 2 . . . . . 2 . . . . . 1 . . . . 3 . . Impact Corruptions 7 | . . . 1 . . . 1 2 . . . . . . . . 1 . . . . . . . . . . 2 . . Robots Melted 20 | . . . . . . . 1 . . . . . 2 . . . . . . . . . . 3 . 6 2 3 1 2 Combat Hostiles 19 | . . . . . . . 1 . . . . . 1 . . . . . . . . . . 3 . 6 2 3 1 2 Parts Melted 110 | . . . . . . . 6 . . . . 3 36 5 7 . . . . . . . 2 9 . 13 5 14 3 7 Heat Transferred 31063 | . . 261 150 . 300 50 1110 568 111 . 864 2035 6475 1769 1665 . 396 37 . . . . . 3311 . 999 586 4714 2927 2735 Parts Sabotaged 1 | . . . . . . . . . . . . . . . . . . . . . . . . . . . . . . 1 Parts Stolen 1 | . . . . . . . . 1 . . . . . . . . . . . . . . . . . . . . . . Parts Stripped . | . . . . . . . . . . . . . . . . . . . . . . . . . . . . . . . Power Chain Reactions 10 | . . 1 1 . 2 1 . 1 . . . . . . . . . . . . . . . . . . 4 . . . Alert | -11 -10 -9 -9 -9 -8 -8 -7 -7 -7 -7 -6 -6 -5 -5 -5 -5 -5 -4 -4 -4 -4 -3 -3 -3 -3 -2 -2 -2 -2 -1 ------- Run | Yrd Mat Mat Min Exi Min Mat Fac Low Low Dat Pro Fac Fac Ext Cet Arc Hub Fac Upp Upp War Pro Res Arm Lab Res Qua Sec Gar Acc Maximum Alert Level 5 | . . 2 1 . . 3 3 . . . . 1 2 3 2 1 2 4 . . . . 3 3 . 2 1 3 5 5 Low Security (%) 41 | 100 100 53 79 . 100 57 4 . . . . 76 44 48 . 79 56 26 . . . . 52 . . 64 9 24 . . Level 1 26 | . . 26 20 . . 10 50 . . . . 23 36 40 41 20 18 25 . . . . 13 . . 33 90 47 . . Level 2 18 | . . 20 . . . 26 27 . . . . . 18 4 58 . 25 30 . . . . 9 71 . 1 . 19 11 . Level 3 8 | . . . . . . 5 16 . . . . . . 6 . . . 15 . . . . 24 28 . . . 8 4 35 Level 4 2 | . . . . . . . . . . . . . . . . . . 1 . . . . . . . . . . 41 32 Level 5 1 | . . . . . . . . . . . . . . . . . . . . . . . . . . . . . 42 . High Security 1 | . . . . . . . . . . . . . . . . . . . . . . . . . . . . . . 31 Max Security . | . . . . . . . . . . . . . . . . . . . . . . . . . . . . . . . Peak Influence 2687 | 10 80 686 266 . 129 788 855 . . . . 342 666 760 456 220 536 1116 . . . . 841 905 . 410 381 879 1646 2687 Initial 987 | . . . 266 . . 26 355 . . . . 35 149 323 416 151 52 256 . . . . . 436 . . 216 152 673 987 Average 358 | 1 17 219 107 . 43 260 456 . . . . 93 215 238 403 182 238 407 . . . . 286 624 . 161 286 346 1372 1471 Influence Increases 20674 | 20 230 1151 156 . 286 1331 1248 110 168 . 365 566 1070 1548 218 169 1066 1518 115 50 331 150 1318 1237 . 882 757 1284 1073 2257 Destroy 0b10 Robot/C 11600 | . 120 620 100 . 180 780 700 100 120 . 320 300 640 740 160 80 520 860 80 40 260 140 760 740 . 440 340 680 720 1060 Destroy 0b10 Robot/NC 840 | 20 15 100 15 . 5 85 130 10 . . 10 55 70 25 5 35 75 95 . . . . 5 15 . 10 . 15 5 40 Destroy Leader 2218 | . 22 180 20 . 30 232 192 . 20 . 20 104 144 74 . . 160 178 20 10 . 10 150 106 . 114 80 132 50 170 Allied During Kill 552 | . . . 13 . . . . . 28 . . . . 407 . . . 23 . . 56 . . 7 . . . . 18 . Trap Triggered on 0b10 70 | . . 30 . . . 30 10 . . . . . . . . . . . . . . . . . . . . . . . Successful Hack 521 | . 16 40 . . . 49 34 . . . . 9 27 18 14 . 48 50 . . . . 66 . . 33 28 61 28 . Disable Machine 1050 | . 15 60 . . 45 60 60 . . . . 45 120 60 15 30 90 30 . . . . 30 135 . 15 60 105 . 75 Anti-Garrison Action 150 | . . . . . . . . . . . . . . . . . . . . . . . . . . . . . . 150 Destroy Structure 2488 | . 12 61 8 . 26 50 47 . . . . 53 54 104 24 24 128 252 . . . . 232 84 . 195 114 231 222 567 Partial Spotted 45 | . 15 . . . . . . . . . . . . . . . 15 . . . . . . . . . 15 . . . Lose Combat Pursuer 1140 | . 15 60 . . . 45 75 . . . 15 . 15 120 . . 30 30 15 . 15 . 75 150 . 75 120 60 30 195 Influence Decreases 18044 | 20 230 467 840 . 219 615 1199 883 227 . 309 317 714 1464 585 397 692 928 845 434 100 381 486 1168 901 496 872 657 325 1273 Entered New Map 5833 | . . . 418 . . 41 428 309 12 . . 21 156 338 329 227 98 268 413 74 . 231 . 396 901 . 170 119 225 659 Time Decay 10258 | 20 230 447 402 . 204 564 701 534 195 . 299 296 538 546 246 170 534 620 392 360 40 146 396 542 . 382 542 538 . 374 Lost Part 661 | . . 20 . . . 10 70 . . . 10 . 20 . 10 . 60 20 40 . . . 60 20 . 31 10 . 40 240 Lost Ally 692 | . . . 20 . 15 . . 40 20 . . . . 280 . . . 20 . . 60 4 30 60 . 83 . . 60 . Purge Threat 600 | . . . . . . . . . . . . . . 300 . . . . . . . . . 150 . . 150 . . . Squads Dispatched 112 | . . 4 . . 1 6 10 . . . . 11 12 4 . . 11 12 . . . . 3 6 . . 3 7 . 22 Investigation 15 | . . 1 . . 1 2 2 . . . . 1 2 . . . 3 . . . . . 2 . . . . 1 . . Extermination 25 | . . . . . . . 4 . . . . 2 5 . . . 3 4 . . . . . 3 . . . 3 . 1 Reinforcement 37 | . . 2 . . . 3 3 . . . . 5 5 2 . . 5 5 . . . . 1 1 . . 3 2 . . Assault 29 | . . 1 . . . 1 1 . . . . . . 2 . . . 1 . . . . . 2 . . . 1 . 20 Garrison 6 | . . . . . . . . . . . . 3 . . . . . 2 . . . . . . . . . . . 1 Intercept . | . . . . . . . . . . . . . . . . . . . . . . . . . . . . . . . Searches Triggered . | . . . . . . . . . . . . . . . . . . . . . . . . . . . . . . . Data Miner Redirects 4 | . . . . . . . . . . . . . 2 . . . 1 . . . . . . . . . . . . 1 Construction Impeded 3 | . . . . . . 1 . . . . . 1 . 1 . . . . . . . . . . . . . . . . Haulers Reinforced 5 | . . . . . . . 1 . . . . . 3 . . . . 1 . . . . . . . . . . . . Active Scanning Responses . | . . . . . . . . . . . . . . . . . . . . . . . . . . . . . . . Cargo Convoy Interrupts 1 | . . . . . . . . . . . . . 1 . . . . . . . . . . . . . . . . . Stealth | -11 -10 -9 -9 -9 -8 -8 -7 -7 -7 -7 -6 -6 -5 -5 -5 -5 -5 -4 -4 -4 -4 -3 -3 -3 -3 -2 -2 -2 -2 -1 --------- Run | Yrd Mat Mat Min Exi Min Mat Fac Low Low Dat Pro Fac Fac Ext Cet Arc Hub Fac Upp Upp War Pro Res Arm Lab Res Qua Sec Gar Acc Distress Signals 47 | . . 5 1 . . 3 3 . . . . 2 3 3 2 . . 4 . . . . 4 1 . 7 3 4 . 2 Communications Jammed 107 | . . . . . . . 10 . . . . . 50 1 . . 7 39 . . . . . . . . . . . . Distress Signals 107 | . . . . . . . 10 . . . . . 50 1 . . 7 39 . . . . . . . . . . . . Times Spotted 882 | . 10 50 7 . 8 48 55 12 6 . 25 31 43 34 10 9 43 49 5 5 44 7 69 58 . 35 24 48 36 111 Peak Tracking Total 20 | . 5 5 4 . 3 4 6 7 2 . 5 12 5 9 5 2 5 6 4 2 13 5 8 7 . 8 10 7 13 20 Tactical Retreats 59 | . 1 3 . . . 2 6 . . . 4 . 1 4 . . 2 2 1 . 1 . 5 7 . 5 4 2 2 7 ECM-based Alert Blocks 14 | . . . . . . . 8 . . . 6 . . . . . . . . . . . . . . . . . . . Traps | -11 -10 -9 -9 -9 -8 -8 -7 -7 -7 -7 -6 -6 -5 -5 -5 -5 -5 -4 -4 -4 -4 -3 -3 -3 -3 -2 -2 -2 -2 -1 ------- Run | Yrd Mat Mat Min Exi Min Mat Fac Low Low Dat Pro Fac Fac Ext Cet Arc Hub Fac Upp Upp War Pro Res Arm Lab Res Qua Sec Gar Acc Traps Triggered 25 | . . . . . . . . . . . . 2 6 2 . . . 1 . 1 . . 7 . . . 2 3 1 . Indirectly . | . . . . . . . . . . . . . . . . . . . . . . . . . . . . . . . Trap Hack Attempts 150 | . . 55 . . . 67 9 . . . . . 19 . . . . . . . . . . . . . . . . . Triggered 1 | . . 1 . . . . . . . . . . . . . . . . . . . . . . . . . . . . Disarmed 1 | . . 1 . . . . . . . . . . . . . . . . . . . . . . . . . . . . Reprogrammed 10 | . . 4 . . . 3 1 . . . . . 2 . . . . . . . . . . . . . . . . . Reused 7 | . . 3 . . . 3 1 . . . . . . . . . . . . . . . . . . . . . . . Traps Extracted . | . . . . . . . . . . . . . . . . . . . . . . . . . . . . . . . Installed . | . . . . . . . . . . . . . . . . . . . . . . . . . . . . . . . Triggered 7 | . . 3 . . . 3 1 . . . . . . . . . . . . . . . . . . . . . . . Objects Rigged 2 | . . 2 . . . . . . . . . . . . . . . . . . . . . . . . . . . . Exploded 1 | . . 1 . . . . . . . . . . . . . . . . . . . . . . . . . . . . Machines | -11 -10 -9 -9 -9 -8 -8 -7 -7 -7 -7 -6 -6 -5 -5 -5 -5 -5 -4 -4 -4 -4 -3 -3 -3 -3 -2 -2 -2 -2 -1 ---------- Run | Yrd Mat Mat Min Exi Min Mat Fac Low Low Dat Pro Fac Fac Ext Cet Arc Hub Fac Upp Upp War Pro Res Arm Lab Res Qua Sec Gar Acc Machines Disabled 80 | . 1 4 . . 3 4 4 1 . . 1 3 8 7 1 2 6 2 . 1 . . 2 9 2 1 4 7 1 6 Max in Single Turn 3 | . 1 3 . . 1 1 1 1 . . 1 2 3 1 1 1 1 1 . 1 . . 1 1 1 1 1 1 1 1 Garrison Access 6 | . . . . . . . . . . . . . 1 . . . 1 . . . . . 1 . . 2 . . . 1 Garrison Relay 1 | . . . . . . . . . . . . . . . . . . . . . . . . . . . . . 1 . Network Hub 1 | . . . . . . . . . . . . . . . . . 1 . . . . . . . . . . . . . Machines Repaired . | . . . . . . . . . . . . . . . . . . . . . . . . . . . . . . . Machines Dismantled . | . . . . . . . . . . . . . . . . . . . . . . . . . . . . . . . Machines Sabotaged . | . . . . . . . . . . . . . . . . . . . . . . . . . . . . . . . Overloaded Fab Kills . | . . . . . . . . . . . . . . . . . . . . . . . . . . . . . . . Hacking | -11 -10 -9 -9 -9 -8 -8 -7 -7 -7 -7 -6 -6 -5 -5 -5 -5 -5 -4 -4 -4 -4 -3 -3 -3 -3 -2 -2 -2 -2 -1 --------- Run | Yrd Mat Mat Min Exi Min Mat Fac Low Low Dat Pro Fac Fac Ext Cet Arc Hub Fac Upp Upp War Pro Res Arm Lab Res Qua Sec Gar Acc Machines Accessed 142 | . 4 12 . 1 2 14 10 . 3 4 . 6 14 4 3 . 9 6 . 3 11 . 7 2 1 2 7 8 3 6 Terminals 71 | . 3 8 . . 2 8 5 . 1 . . 3 7 4 3 . 8 1 . . . . . 1 . 1 5 6 3 2 Fabricators 6 | . . . . . . . . . . . . 1 1 . . . . 1 . . . . 1 1 . . . . . 1 Repair Stations 16 | . 1 2 . . . 2 2 . . . . 1 2 . . . . 1 . . . . 3 . . 1 1 . . . Recycling Units 7 | . . . . . . 2 1 . . . . . 3 . . . . 1 . . . . . . . . . . . . Scanalyzers 14 | . . 2 . . . 2 1 . . . . 1 . . . . . 2 . . . . 2 . . . 1 1 . 2 Garrison Access 6 | . . . . . . . 1 . . . . . 1 . . . 1 . . . . . 1 . . . . 1 . 1 Total Hacks 414 | . 20 41 . 6 5 38 27 . 8 27 . 13 28 12 8 . 25 27 . 9 18 . 27 6 1 5 24 19 7 13 Successful 221 | . 10 28 . 6 1 22 10 . 8 27 . 9 11 4 2 . 10 17 . 9 18 . 10 2 1 2 5 6 2 1 Failed 191 | . 10 12 . . 4 15 17 . . . . 4 17 8 6 . 15 10 . . . . 17 4 . 3 19 13 5 12 Catastrophic 48 | . . 3 . . 2 1 5 . . . . 2 5 1 2 . 2 2 . . . . 7 2 . . 7 3 1 3 Database Lockouts 2 | . . 1 . . . 1 . . . . . . . . . . . . . . . . . . . . . . . . Manual 77 | . 7 10 . . 3 2 3 . . . 1 1 9 3 . . 15 8 . . 2 . . . . . 2 7 3 1 Terminals 195 | . 17 24 . . 5 16 15 . 1 . . 5 14 12 8 . 24 4 . . . . . 4 . 3 19 14 7 3 Fabricators 15 | . . . . . . . . . . . . 1 2 . . . . 5 . . . . 2 2 . . . . . 3 Repair Stations 47 | . 3 6 . . . 3 3 . . . . 2 4 . . . . 2 . . . . 21 . . 2 1 . . . Recycling Units 17 | . . . . . . 3 3 . . . . . 7 . . . . 4 . . . . . . . . . . . . Scanalyzers 64 | . . 11 . . . 16 5 . . . . 5 . . . . . 12 . . . . 3 . . . 4 2 . 6 Garrison Access 8 | . . . . . . . 1 . . . . . 1 . . . 1 . . . . . 1 . . . . 3 . 1 Terminal Hacks 117 | . 4 8 . 6 1 5 4 . 8 27 . 1 2 4 2 . 5 1 . 9 18 . . 2 1 1 4 2 2 . Record 53 | . 1 . . 6 . . . . 7 11 . . . 1 2 . . . . 7 17 . . . 1 . . . . . Part Schematic 9 | . . . . . . . . . . 8 . . . 1 . . . . . . . . . . . . . . . . Robot Schematic 5 | . . . . . . . . . . 5 . . . . . . . . . . . . . . . . . . . . Prototype ID Bank 6 | . . 1 . . . 1 . . . 3 . . . . . . . . . . . . . . . . 1 . . . Open Door 4 | . . . . . . . . . 1 . . . . . . . . . . 2 1 . . . . . . . . . Level Access Points 1 | . . 1 . . . . . . . . . . . . . . . . . . . . . . . . . . . . Branch Access Points 5 | . . 1 . . . 1 1 . . . . . 1 . . . . 1 . . . . . . . . . . . . Emergency Access Points 1 | . . . . . . . . . . . . . . . . . . . . . . . . . . . . . 1 . Terminal Index 2 | . . . . . . . . . . . . . . . . . 1 . . . . . . . . . 1 . . . Alert Level 2 | . . 1 . . . . . . . . . . 1 . . . . . . . . . . . . . . . . . Unreport Threat 4 | . . . . . . . . . . . . . . 2 . . . . . . . . . 1 . . 1 . . . Locate Traps 3 | . . 2 . . . . . . . . . . . . . . . . . . . . . . . . 1 . . . Dispatch Records 3 | . . 1 . . 1 . . . . . . . . . . . . . . . . . . . . . . 1 . . Maintenance Status 1 | . . . . . . . . . . . . . . . . . . . . . . . . . . . . 1 . . Patrol Status 3 | . 1 . . . . . . . . . . . . . . . 1 . . . . . . 1 . . . . . . Hauler Manifests 2 | . . . . . . 1 1 . . . . . . . . . . . . . . . . . . . . . . . Registered Components 4 | . . . . . . 1 1 . . . . 1 . . . . . . . . . . . . . 1 . . . . Zone Layout 8 | . 2 1 . . . 1 1 . . . . . . . . . 3 . . . . . . . . . . . . . Patrol Navigation 1 | . . . . . . . . . . . . . . . . . . . . . . . . . . . . . 1 . Fabricator Hacks 3 | . . . . . . . . . . . . . 2 . . . . 1 . . . . . . . . . . . . Load Schematic 1 | . . . . . . . . . . . . . 1 . . . . . . . . . . . . . . . . . Build 2 | . . . . . . . . . . . . . 1 . . . . 1 . . . . . . . . . . . . Repair Station Hacks 25 | . 2 5 . . . 2 1 . . . . 2 2 . . . . 1 . . . . 9 . . 1 . . . . Scan Component 16 | . 1 3 . . . 1 1 . . . . 1 1 . . . . 1 . . . . 6 . . 1 . . . . Repair 9 | . 1 2 . . . 1 . . . . . 1 1 . . . . . . . . . 3 . . . . . . . Recycling Unit Hacks 2 | . . . . . . 2 . . . . . . . . . . . . . . . . . . . . . . . . Retrieve Components 2 | . . . . . . 2 . . . . . . . . . . . . . . . . . . . . . . . . Scanalyzer 41 | . . 10 . . . 11 5 . . . . 5 . . . . . 8 . . . . . . . . 1 . . 1 Insert Component 18 | . . 6 . . . 4 2 . . . . 1 . . . . . 3 . . . . . . . . 1 . . 1 Analyze 12 | . . 3 . . . 4 3 . . . . . . . . . . 2 . . . . . . . . . . . . Retrieve Study 11 | . . 1 . . . 3 . . . . . 4 . . . . . 3 . . . . . . . . . . . . Garrison Access Hacks 4 | . . . . . . . . . . . . . 1 . . . 1 . . . . . 1 . . . . 1 . . Unlock Access 1 | . . . . . . . . . . . . . . . . . . . . . . . . . . . . 1 . . Seal Access 3 | . . . . . . . . . . . . . 1 . . . 1 . . . . . 1 . . . . . . . Unauthorized Hacks 29 | . 4 5 . . . 2 . . . . . 1 4 . . . 4 6 . . . . . . . . . 3 . . Terminals 18 | . 4 5 . . . 1 . . . . . . 1 . . . 4 . . . . . . . . . . 3 . . Track 8 | . 2 2 . . . 1 . . . . . . 1 . . . . . . . . . . . . . . 2 . . Botnet 4 | . 1 1 . . . . . . . . . . . . . . 1 . . . . . . . . . . 1 . . Detonate 1 | . . 1 . . . . . . . . . . . . . . . . . . . . . . . . . . . . Operators 3 | . 1 1 . . . . . . . . . . . . . . 1 . . . . . . . . . . . . . Sabotage 2 | . . . . . . . . . . . . . . . . . 2 . . . . . . . . . . . . . Fabricators 3 | . . . . . . . . . . . . 1 . . . . . 2 . . . . . . . . . . . . Report 1 | . . . . . . . . . . . . . . . . . . 1 . . . . . . . . . . . . Haulers 2 | . . . . . . . . . . . . 1 . . . . . 1 . . . . . . . . . . . . Repair Stations . | . . . . . . . . . . . . . . . . . . . . . . . . . . . . . . . Recycling Units 8 | . . . . . . 1 . . . . . . 3 . . . . 4 . . . . . . . . . . . . Monitor 1 | . . . . . . . . . . . . . . . . . . 1 . . . . . . . . . . . . Reject 2 | . . . . . . . . . . . . . 1 . . . . 1 . . . . . . . . . . . . Recyclers 2 | . . . . . . . . . . . . . 1 . . . . 1 . . . . . . . . . . . . Mask 3 | . . . . . . 1 . . . . . . 1 . . . . 1 . . . . . . . . . . . . Scanalyzers . | . . . . . . . . . . . . . . . . . . . . . . . . . . . . . . . Garrison Access . | . . . . . . . . . . . . . . . . . . . . . . . . . . . . . . . Data Cores Recovered 2 | . . . . . . 1 . . . . . . . . . . . . . . . . 1 . . . . . . . Used 1 | . . . . . . 1 . . . . . . . . . . . . . . . . . . . . . . . . Hacking Detections 107 | . 4 12 . . 2 12 10 . . . . 4 13 4 3 . 7 4 . . . . 6 2 . 2 7 7 2 6 Full Trace Events 12 | . 1 2 . . 1 2 2 . . . . 1 2 . . . 1 . . . . . . . . . . . . . Feedback Events . | . . . . . . . . . . . . . . . . . . . . . . . . . . . . . . . Feedback Blocked . | . . . . . . . . . . . . . . . . . . . . . . . . . . . . . . . Robot Schematics Acquired 7 | . . . . . . . . . . 5 . . . . . . . . . . . . . . . . 2 . . . Robots Built . | . . . . . . . . . . . . . . . . . . . . . . . . . . . . . . . Authchips . | . . . . . . . . . . . . . . . . . . . . . . . . . . . . . . . Time . | . . . . . . . . . . . . . . . . . . . . . . . . . . . . . . . Total Robot Build Rating . | . . . . . . . . . . . . . . . . . . . . . . . . . . . . . . . Part Schematics Acquired 22 | . . 3 . . . 4 1 . . 8 . . . 1 . . . 1 . . . . . . . . 4 . . . Parts Built 3 | . . . . . . . . . . . . . 1 . . . . 2 . . . . . . . . . . . . Authchips . | . . . . . . . . . . . . . . . . . . . . . . . . . . . . . . . Time 291 | . . . . . . . . . . . . . 152 . . . . 139 . . . . . . . . . . . . Total Part Build Rating 23 | . . . . . . . . . . . . . 5 . . . . 18 . . . . . . . . . . . . Part Studies Acquired 8 | . . 1 . . . 2 . . . . . 4 . . . . . 1 . . . . . . . . . . . . Parts Repaired 9 | . 1 2 . . . 1 . . . . . 1 1 . . . . . . . . . 3 . . . . . . . Time 320 | . 26 62 . . . 44 . . . . . 22 19 . . . . . . . . . 147 . . . . . . . Parts Recycled . | . . . . . . . . . . . . . . . . . . . . . . . . . . . . . . . Recycled Matter . | . . . . . . . . . . . . . . . . . . . . . . . . . . . . . . . Retrieved Matter . | . . . . . . . . . . . . . . . . . . . . . . . . . . . . . . . Retrieved Components 10 | . . . . . . 10 . . . . . . . . . . . . . . . . . . . . . . . . Parts Scanalyzed 11 | . . 3 . . . 4 2 . . . . . . . . . . 2 . . . . . . . . . . . . Part Schematics Acquired 9 | . . 3 . . . 4 1 . . . . . . . . . . 1 . . . . . . . . . . . . Parts Damaged . | . . . . . . . . . . . . . . . . . . . . . . . . . . . . . . . Bothacking | -11 -10 -9 -9 -9 -8 -8 -7 -7 -7 -7 -6 -6 -5 -5 -5 -5 -5 -4 -4 -4 -4 -3 -3 -3 -3 -2 -2 -2 -2 -1 ------------ Run | Yrd Mat Mat Min Exi Min Mat Fac Low Low Dat Pro Fac Fac Ext Cet Arc Hub Fac Upp Upp War Pro Res Arm Lab Res Qua Sec Gar Acc Used RIF Installer . | . . . . . . . . . . . . . . . . . . . . . . . . . . . . . . . Robots Hacked 16 | . . 1 . 4 . 4 1 . . 1 . . 1 4 . . . . . . . . . . . . . . . . Non-combat 13 | . . 1 . 3 . 4 1 . . . . . 1 3 . . . . . . . . . . . . . . . . Combat 3 | . . . . 1 . . . . . 1 . . . 1 . . . . . . . . . . . . . . . . Robot Hacks Applied 18 | . . 2 . 4 . 4 1 . . 1 . . 1 5 . . . . . . . . . . . . . . . . parse_system 9 | . . 1 . 4 . 1 . . . 1 . . . 2 . . . . . . . . . . . . . . . . no_distress 2 | . . . . . . . . . . . . . . 2 . . . . . . . . . . . . . . . . find_recycling 3 | . . . . . . 2 1 . . . . . . . . . . . . . . . . . . . . . . . check_alert 4 | . . 1 . . . 1 . . . . . . 1 1 . . . . . . . . . . . . . . . . Relay Couplers Released 13 | . . . . . . . . . . . . . . . . . . . . . . . 2 . . 2 . . 5 4 Machine Destruction 9 | . . . . . . . . . . . . . . . . . . . . . . . 2 . . 2 . . 5 . Programmers 4 | . . . . . . . . . . . . . . . . . . . . . . . . . . . . . . 4 Fabnet Peak Effective % . | . . . . . . . . . . . . . . . . . . . . . . . . . . . . . . . Robots Rewired 26 | . . . . . . . . 5 . . . . . 10 . . . . . . 5 . . 3 . . . . 3 . Allies Hacked 1 | . . . . . . . . . . . . . . . . . . . . . 1 . . . . . . . . . Hacks Repelled . | . . . . . . . . . . . . . . . . . . . . . . . . . . . . . . . Allies | -11 -10 -9 -9 -9 -8 -8 -7 -7 -7 -7 -6 -6 -5 -5 -5 -5 -5 -4 -4 -4 -4 -3 -3 -3 -3 -2 -2 -2 -2 -1 -------- Run | Yrd Mat Mat Min Exi Min Mat Fac Low Low Dat Pro Fac Fac Ext Cet Arc Hub Fac Upp Upp War Pro Res Arm Lab Res Qua Sec Gar Acc Total Allies 53 | . . . 5 . . . . 5 2 . . . . 16 . . . 12 . 2 5 . . 3 . . . . 3 . Largest Group 11 | . . . 4 4 . . . 3 3 2 . . . 11 . . . 4 . 2 5 1 . 3 . . . . 1 . Highest-Rated Group 418 | . . . 79 79 . . . 52 88 56 . . . 418 . . . 142 . 75 264 64 . 141 . . . . 69 . Highest-Rated Ally 159 | . . . 31 31 . . . 32 32 31 . . . 159 . . . 46 . 46 64 64 . 47 . . . . 69 . Total Orders 33 | . . . 1 . . . . . . . . . . 8 . . . 14 2 . . . 2 . . 6 . . . . STAY 4 | . . . . . . . . . . . . . . 4 . . . . . . . . . . . . . . . . FOLLOW 4 | . . . 1 . . . . . . . . . . 3 . . . . . . . . . . . . . . . . GUARD 1 | . . . . . . . . . . . . . . 1 . . . . . . . . . . . . . . . . EXPLORE 16 | . . . . . . . . . . . . . . . . . . 8 1 . . . 1 . . 6 . . . . RETURN 8 | . . . . . . . . . . . . . . . . . . 6 1 . . . 1 . . . . . . . Ally Attacks 284 | . . . 9 . 3 . . 26 8 . . . . 135 . . . 23 . 1 46 . . 17 . . . . 16 . Total Damage 7745 | . . . 92 . 35 . . 281 238 . . . . 3106 . . . 275 . . 2109 . . 509 . . . . 1100 . Kills 49 | . . . 4 . . . . 1 3 . . . . 24 . . . 2 . . 8 . . 1 . . . . 6 . Allies Corrupted 2 | . . . . . . . . . . . . . . 1 . . . 1 . . . . . . . . . . . . Allies Melted 1 | . . . . . . . . . . . . . . 1 . . . . . . . . . . . . . . . . Intel | -11 -10 -9 -9 -9 -8 -8 -7 -7 -7 -7 -6 -6 -5 -5 -5 -5 -5 -4 -4 -4 -4 -3 -3 -3 -3 -2 -2 -2 -2 -1 ------- Run | Yrd Mat Mat Min Exi Min Mat Fac Low Low Dat Pro Fac Fac Ext Cet Arc Hub Fac Upp Upp War Pro Res Arm Lab Res Qua Sec Gar Acc Active Infowar (turns) 36824 | 6 728 1952 1033 682 538 2472 2881 780 1314 136 1101 937 2983 1590 . 83 1434 2090 922 1710 1175 879 2954 1544 262 1367 1148 1046 101 976 Optics 2752 | . . . . . . . . . . . . . . . . . . . . . . . 948 1544 260 . . . . . IFF 12264 | . . . . . . . . . . . . 552 2226 1529 . 83 659 269 922 1628 1146 877 2373 . . . . . . . Terrain 6349 | . . . . . . . . . . . . . . . . . . . . . . . 1204 624 2 1367 1148 1046 101 857 Seismic 16537 | 6 728 1859 1033 682 538 2472 2212 780 1314 136 982 817 635 . . . 292 939 . . . . . 415 . . . . . 697 T.N.C. 551 | . . 551 . . . . . . . . . . . . . . . . . . . . . . . . . . . . Jamming 14090 | . . . . . . . 2037 . . . . . 2860 1122 . . 1144 2090 922 1710 1174 879 152 . . . . . . . ECM 387 | . . . . . . . 81 . . . 119 . 46 . . . 89 6 46 . . . . . . . . . . . Robot Analysis Total . | . . . . . . . . . . . . . . . . . . . . . . . . . . . . . . . Derelict Logs Recovered 8 | . . . 2 . . . . 3 2 . 1 . . . . . . . . . . . . . . . . . . . Drone Launches 49 | . . . . . . . . . . . . . . . . . . 10 1 . . . 6 . . 32 . . . . Drone Recoveries 20 | . . . . . . . . . . . . . . . . . . 8 1 . . . 3 . . 8 . . . . Exploration | -11 -10 -9 -9 -9 -8 -8 -7 -7 -7 -7 -6 -6 -5 -5 -5 -5 -5 -4 -4 -4 -4 -3 -3 -3 -3 -2 -2 -2 -2 -1 ------------- Run | Yrd Mat Mat Min Exi Min Mat Fac Low Low Dat Pro Fac Fac Ext Cet Arc Hub Fac Upp Upp War Pro Res Arm Lab Res Qua Sec Gar Acc Turns Passed 44424 | 97 790 2499 1121 682 623 3371 3002 1505 1353 138 1368 1261 2984 1693 530 359 1516 2090 922 1710 1404 879 3163 1544 1078 1367 1553 1530 1033 1259 Spaces Moved 20680 | 16 228 1008 657 419 320 1311 1249 827 944 106 728 623 1356 802 204 104 657 824 478 996 710 504 1418 548 412 638 704 602 568 719 Core 77 | . . . . . . . . . . . . . . . . . . . . . . . . . 73 . . . . 4 Treads 17145 | . 177 1008 657 419 320 1311 1230 45 . . 3 156 1356 802 204 104 657 824 478 996 710 504 1418 548 339 638 704 533 480 524 Legs 67 | 16 51 . . . . . . . . . . . . . . . . . . . . . . . . . . . . . Wheels 3043 | . . . . . . . 19 782 944 106 725 467 . . . . . . . . . . . . . . . . . . Hover . | . . . . . . . . . . . . . . . . . . . . . . . . . . . . . . . Flight . | . . . . . . . . . . . . . . . . . . . . . . . . . . . . . . . Fastest Speed 50 | 120 120 160 160 160 160 160 120 135 135 120 135 125 162 162 160 160 160 160 160 160 160 160 160 160 50 155 155 146 146 50 Average Speed 158 | 120 151 162 161 160 160 173 161 146 135 120 135 137 162 162 170 160 160 160 160 160 160 160 165 161 147 157 170 157 159 151 Slowest Speed 330 | 120 160 213 213 160 160 226 200 330 135 135 330 200 165 245 245 160 160 160 160 160 240 160 255 250 250 160 245 240 235 240 Overloaded Moves . | . . . . . . . . . . . . . . . . . . . . . . . . . . . . . . . Propulsion Burnouts . | . . . . . . . . . . . . . . . . . . . . . . . . . . . . . . . Robots Hopped . | . . . . . . . . . . . . . . . . . . . . . . . . . . . . . . . Potential Cave-ins 15 | . . . . . . . 6 . . . . 2 . . . . 4 . . . . . . . . . . . 1 2 Cave-ins Triggered 2 | . 1 . . . . . . . . . . . . . . . 1 . . . . . . . . . . . . . Teleports 1 | . . . . . . . . . . . . . . . . . . . . . . . . . . . . . . 1 Microwarps 28 | . . . . . . . . . . . . . . . . . . . . . . . . . . . . 7 8 13 Exploration Rate (%) 64 | 2 39 67 98 88 78 84 34 92 98 74 84 17 36 85 78 79 70 35 65 87 89 74 62 43 94 54 78 34 67 25 Regions Visited 30 Branch Regions 19 Pre-discovered Areas 6 | . . . 1 1 . . . 1 . 1 . . . . . . . . . 1 1 . . . . . . . . . Known Exits Taken 13 | . . 1 . . 1 1 1 . . . 1 1 1 . . . . 1 . . . 1 1 1 1 . . 1 . . Unknown Exits Taken 16 | 1 1 . 1 1 . . . 1 1 1 . . . 1 1 1 1 . 1 1 1 . . . . 1 1 . . . Scrap Searched 17 | . . . 3 . 2 . . 2 3 . 1 . . . . . . . 2 3 . 1 . . . . . . . . Spaces Dug 208 | . 11 3 1 . 2 4 8 . . . 1 11 19 1 . . 12 19 2 9 2 10 12 16 . 13 3 25 2 22 Terrain Destroyed 1754 | . 12 66 8 . 33 43 46 38 15 . 119 53 32 77 23 24 78 145 88 20 45 62 137 43 . 69 53 78 87 260 Melee 2 | . . . . . . . 2 . . . . . . . . . . . . . . . . . . . . . . . Projectile 609 | . 12 3 1 . 3 6 11 5 . . 13 16 32 3 23 24 78 63 13 20 5 15 50 43 . 34 14 78 13 31 AOE 1142 | . . 63 7 . 30 37 33 33 15 . 105 37 . 74 . . . 82 75 . 40 47 87 . . 35 39 . 74 229 Terrain Rammed . | . . . . . . . . . . . . . . . . . . . . . . . . . . . . . . . Walls Destroyed . | . . . . . . . . . . . . . . . . . . . . . . . . . . . . . . . Machines Disabled . | . . . . . . . . . . . . . . . . . . . . . . . . . . . . . . . Actions | -11 -10 -9 -9 -9 -8 -8 -7 -7 -7 -7 -6 -6 -5 -5 -5 -5 -5 -4 -4 -4 -4 -3 -3 -3 -3 -2 -2 -2 -2 -1 --------- Run | Yrd Mat Mat Min Exi Min Mat Fac Low Low Dat Pro Fac Fac Ext Cet Arc Hub Fac Upp Upp War Pro Res Arm Lab Res Qua Sec Gar Acc Total 29760 | 73 571 1698 698 428 383 2162 2003 992 1011 115 1004 887 1912 1123 337 258 965 1429 599 1088 969 555 2110 1097 888 905 960 1057 661 822 Wait 5367 | 46 272 392 18 . 29 557 402 30 44 . 183 101 304 194 36 115 144 409 80 53 154 36 390 329 394 91 109 320 31 104 Move 20329 | 15 227 1007 656 418 320 1310 1248 826 943 105 727 622 1355 801 203 103 655 823 477 995 709 503 1417 547 411 637 703 540 485 541 Hop . | . . . . . . . . . . . . . . . . . . . . . . . . . . . . . . . Pick Up 359 | 1 6 35 1 1 . 14 31 6 4 . 5 11 19 10 10 4 4 16 5 2 8 . 43 21 27 19 21 17 6 12 Fast Attach 223 | 1 1 3 1 1 . 4 10 5 . 3 4 10 8 3 10 2 12 5 2 5 13 1 36 16 16 11 15 13 5 7 Attach 142 | . 2 7 . . . 9 10 2 1 1 1 5 7 2 1 1 7 8 3 2 3 . 15 4 4 12 6 9 7 13 Detach 78 | . 1 1 1 . . 4 5 4 . 1 . 4 . 2 4 1 7 2 . 3 5 . 8 5 3 5 4 4 2 2 Swap 712 | . 8 57 7 2 13 62 91 23 6 1 32 39 50 25 7 . 34 36 10 5 12 3 54 21 2 21 26 26 9 30 Drop 485 | . 4 32 3 2 . 16 34 9 6 3 6 21 21 15 23 5 11 15 2 4 17 . 62 35 28 27 30 37 9 8 Fire 1577 | 10 43 89 8 . 20 114 153 26 7 . 46 71 118 31 43 27 86 105 20 19 9 12 85 101 3 73 45 86 43 84 Melee 49 | . . 2 . 4 . 5 4 . . 1 . . 1 32 . . . . . . . . . . . . . . . . Ram 10 | . . . . . . . . . . . . . . . . . . . . . . . . . . . . . . 10 Kick . | . . . . . . . . . . . . . . . . . . . . . . . . . . . . . . . Crush 113 | . 7 18 3 . 1 . 6 32 . . . 3 10 5 . . 4 10 . . . . . . . 2 1 5 1 5 Escape Stasis 9 | . . . . . . . . . . . . . . 2 . . 1 . . . . . . . . . . . . 6 Rewire 150 | . . . . . . . . 29 . . . . . 1 . . . . . . 39 . . 18 . . . . 63 . Trap 150 | . . 55 . . . 67 9 . . . . . 19 . . . . . . . . . . . . . . . . . Miscellaneous 7 | . . . . . . . . . . . . . . . . . . . . . . . . . . 7 . . . . Route ------- -11/Scrapyard -10/Materials -9/Materials (discovered 4 exits: *Mat x3 / *Min) -9/Mines (discovered 3 exits: *Mat x2 / *Exi) -9/Exiles (discovered 2 exits: *Min x2) -8/Mines -8/Materials (discovered 3 exits: *Fac x3) -7/Factory (discovered 6 exits: *Fac x2 / Sto x2 / *Low x2) -7/Lower Caves (discovered 2 exits: *Low / [*Zio]) -7/Lower Caves (discovered 2 exits: *Fac / *Dat) -7/Data Miner -6/Proximity Caves -6/Factory (discovered 6 exits: *Fac x4 / *Low x2) -5/Factory (discovered 4 exits: Upp x2 / *Ext x2) -5/Extension (discovered 2 exits: *Fac / *Cet) -5/Cetus (discovered 2 exits: *Fac / *Arc) -5/Archives (discovered 2 exits: *Hub x2) -5/Hub_04(d) (discovered 4 exits: *Fac x4) -4/Factory (discovered 3 exits: *Res / *Upp x2) -4/Upper Caves -4/Upper Caves (discovered 2 exits: *Res / *War) -4/Warlord -3/Proximity Caves -3/Research (discovered 3 exits: *Res x2 / *Arm) -3/Armory (discovered 3 exits: Res x2 / *Lab) -3/Lab -2/Research (discovered 2 exits: *Acc / *Qua) -2/Quarantine (discovered 3 exits: *Acc / *Sec / [*Frg]) -2/Section 7 -2/Garrison (discovered 3 exits: *Acc x3) -1/Access (discovered 1 exit: Com) History --------- Turn | Location | Event 10 | -11/Scrapyard | Discovered new exit (range 2) 98 | -11/Scrapyard | Entered Materials 319 | -10/Materials | Build established: Mutant 537 | -10/Materials | Discovered new exit (range 18) 620 | -10/Materials | Crushed by falling debris 620 | -10/Materials | Core integrity fell below 50% 620 | -10/Materials | Core integrity fell below 20% 783 | -10/Materials | Repaired Assault Rifle 888 | -10/Materials | Entered another Materials area 888 | -9/Materials | Evolved 2 slots: Propulsion x1, Utility x1 916 | -9/Materials | Central database locked down 1511 | -9/Materials | Discovered new exit (range 16) 1622 | -9/Materials | Repaired Lgt. Treads+ 1703 | -9/Materials | Repaired Broken Lgt. Treads+ 1952 | -9/Materials | Build established: Scavenger-Mutant 2796 | -9/Materials | Identified exit to Materials 2888 | -9/Materials | First assault squad dispatched 3032 | -9/Materials | Identified exit to Mines 3090 | -9/Materials | Build established: Mutant 3387 | -9/Materials | Entered Mines 3412 | -9/Mines | Met a Derelict bent on vengeance 3512 | -9/Mines | Assembled infested the area 3517 | -9/Mines | Assisted by a Guerilla fighting off Assembled 3546 | -9/Mines | Learned Materials garrison access intel 3551 | -9/Mines | Discovered exit to Materials (range 9) 3596 | -9/Mines | Discovered exit to Materials (range 16) 3663 | -9/Mines | A weapon hastily lodged in a ceiling crevice suddenly fell to the ground 3903 | -9/Mines | Assisted by bots powering up and referring to "LRC-V3" 4022 | -9/Mines | Deemed a non-threat by the Exiles lab entrance 4022 | -9/Mines | Discovered new exit (range 5) 4166 | -9/Mines | Learned location of Storage (-7) 4508 | -9/Mines | Entered Exiles 4508 | -9/Exiles | Accompanied by 4 allies 4534 | -9/Exiles | Discovered new exit (range 15) 4538 | -9/Exiles | Led the pair of lost Derelicts to a safe place 4582 | -9/Exiles | Met 8R-AWN 4613 | -9/Exiles | Met EX-HEX 4665 | -9/Exiles | Met EX-BIN 4798 | -9/Exiles | Met EX-DEC 4806 | -9/Exiles | Learned location of Zion (-6) 4871 | -9/Exiles | Visited The Gauntlet 5167 | -9/Exiles | Discovered new exit (range 14) 5190 | -9/Exiles | Entered Mines 5190 | -8/Mines | Accompanied by 2 allies 5759 | -8/Mines | Discovered exit to Materials (range 7) 5813 | -8/Mines | Entered Materials 5813 | -8/Materials | Evolved 2 slots: Utility x1, Weapon x1 5814 | -8/Materials | Loaded intel: 1 garrison access location 6876 | -8/Materials | Build established: Tank 7113 | -8/Materials | Discovered new exit (range 16) 7170 | -8/Materials | Identified exit to Factory 7823 | -8/Materials | Discovered exit to Factory (range 15) 8067 | -8/Materials | Central database locked down 8277 | -8/Materials | Discovered exit to Factory (range 8) 8858 | -8/Materials | Repaired Med. Reactive Plating 9013 | -8/Materials | First assault squad dispatched 9184 | -8/Materials | Entered Factory 9184 | -7/Factory | Evolved 2 slots: Propulsion x1, Utility x1 9780 | -7/Factory | Build established: Gunner 9971 | -7/Factory | Discovered new exit (range 6) 9982 | -7/Factory | Identified exit to Factory 10171 | -7/Factory | Discovered exit to Factory (range 7) 10767 | -7/Factory | Identified exit to Storage 10767 | -7/Factory | Identified exit to Lower Caves 11584 | -7/Factory | First assault squad dispatched 12186 | -7/Factory | Entered Lower Caves 12534 | -7/Lower Caves | Attracted the attention of an 0b10 checkpoint 12558 | -7/Lower Caves | Learned location of 1 exit from Factory 12725 | -7/Lower Caves | Attacked by a delusional Derelict stockpiling Unaware 12987 | -7/Lower Caves | Discovered new exit (range 15) 12990 | -7/Lower Caves | Encountered a Warlord checkpoint 13202 | -7/Lower Caves | Attracted the attention of an 0b10 outpost 13378 | -7/Lower Caves | Build established: Tank 13401 | -7/Lower Caves | Learned 4 Factory zone layouts 13508 | -7/Lower Caves | A Derelict revealed a hidden shortcut to a safe place 13691 | -7/Lower Caves | Entered another Lower Caves area 13691 | -7/Lower Caves | Accompanied by 2 allies 13711 | -7/Lower Caves | Discovered exit to Factory (range 8) 13785 | -7/Lower Caves | Attracted the attention of an 0b10 checkpoint 14000 | -7/Lower Caves | Build established: Gunner 14041 | -7/Lower Caves | Learned Factory terminal intel 14051 | -7/Lower Caves | Found DCF Scrap (13 items) 14064 | -7/Lower Caves | Entered an active Warlord outpost 14071 | -7/Lower Caves | A Commander dispatched an escort 14081 | -7/Lower Caves | Learned 8 Research zone layouts 14081 | -7/Lower Caves | Learned Factory emergency access door positions 14081 | -7/Lower Caves | Learned Extension emergency access door positions 14081 | -7/Lower Caves | Learned Research stockpile data 14081 | -7/Lower Caves | Learned Extension terminal intel 14209 | -7/Lower Caves | Learned Factory terminal intel 14536 | -7/Lower Caves | Discovered new exit (range 10) 15044 | -7/Lower Caves | Entered Data Miner 15044 | -7/Data Miner | Accompanied by 2 allies 15045 | -7/Data Miner | Commander's escort returned to base 15045 | -7/Data Miner | Commander's escort returned to base 15046 | -7/Data Miner | Discovered new exit (range 6) 15088 | -7/Data Miner | Met Data Miner 15111 | -7/Data Miner | Learned location of Section 7 (-2) 15111 | -7/Data Miner | Acquired the access code to Warlord's prototype stash 15130 | -7/Data Miner | Received God Mode back door access code from Data Miner 15182 | -7/Data Miner | Entered Proximity Caves 15241 | -6/Proximity Caves | Acquired the password to a Derelict Tinkerer's latest research 15342 | -6/Proximity Caves | Spotted B-75 Beast 15369 | -6/Proximity Caves | Learned location of 1 exit from Factory 15440 | -6/Proximity Caves | Caught by Unaware searching for contraband prototypes 15810 | -6/Proximity Caves | Caught by Unaware searching for contraband prototypes 16036 | -6/Proximity Caves | Core integrity fell below 50% 16295 | -6/Proximity Caves | Attracted the attention of an 0b10 checkpoint 16550 | -6/Proximity Caves | Entered Factory 16550 | -6/Factory | Evolved 2 slots: Power x1, Utility x1 16551 | -6/Factory | Identified exit to Factory 16552 | -6/Factory | Identified exit to Lower Caves 16555 | -6/Factory | Loaded intel: 26 terminal locations 16686 | -6/Factory | Watched by a mysterious "MATRIX" hacker 16912 | -6/Factory | Repaired Hrd. Heavy Armor Plating 17482 | -6/Factory | Garrison activated, responded to threat 17578 | -6/Factory | Discovered exit to Lower Caves (range 12) 17811 | -6/Factory | Entered another Factory area 17811 | -5/Factory | Evolved 2 slots: Utility x2 17812 | -5/Factory | Loaded intel: 28 terminal locations 18070 | -5/Factory | Build established: Tank 18322 | -5/Factory | Incoming investigation squad redirected 18402 | -5/Factory | Discovered new exit (range 10) 18459 | -5/Factory | Fabricated Exp. Targeting Computer? 18583 | -5/Factory | Cargo convoy interrupted 18991 | -5/Factory | Build established: Gunner 19609 | -5/Factory | Identified exit to Upper Caves 19609 | -5/Factory | Identified exit to Extension 19711 | -5/Factory | Incoming investigation squad redirected 19925 | -5/Factory | Repaired Hrd. Medium Armor Plating 20795 | -5/Factory | Entered Extension 20797 | -5/Extension | Loaded intel: 15 terminal locations 21040 | -5/Extension | Rescued A7 21430 | -5/Extension | Build established: Commander-Mutant 21434 | -5/Extension | Rescued a captive Derelict 21804 | -5/Extension | Build established: Commander-Gunner 21914 | -5/Extension | Spotted B-75 Beast 21930 | -5/Extension | Destroyed B-75 Beast 21944 | -5/Extension | Spotted B-75 Beast 21954 | -5/Extension | Destroyed B-75 Beast 21982 | -5/Extension | Lost 3 allies 22016 | -5/Extension | Rescued a captive Derelict 22186 | -5/Extension | Rescued a captive Derelict 22229 | -5/Extension | Rescued a captive Derelict 22242 | -5/Extension | Build established: Scavenger-Gunner 22249 | -5/Extension | Rescued a captive Derelict 22295 | -5/Extension | First assault squad dispatched 22297 | -5/Extension | Extracted ID and sensor layout for unrecognized location from A7's data core 22408 | -5/Extension | Destroyed 11 combat bots 22411 | -5/Extension | Lost 9 allies 22468 | -5/Extension | Discovered new exit (range 10) 22470 | -5/Extension | Discovered new exit (range 6) 22488 | -5/Extension | Entered Cetus 22520 | -5/Cetus | Spotted Cetus Guard 22520 | -5/Cetus | Spotted Cetus Guard 22525 | -5/Cetus | Spotted Cetus Guard 22531 | -5/Cetus | Destroyed Cetus Guard 22531 | -5/Cetus | Destroyed Cetus Guard 22549 | -5/Cetus | Destroyed Cetus Guard 22549 | -5/Cetus | Spotted Cetus Guard 22565 | -5/Cetus | Destroyed Cetus Guard 22766 | -5/Cetus | Discovered new exit (range 16) 22821 | -5/Cetus | Spotted Cetus Guard 22822 | -5/Cetus | Spotted Cetus Guard 22866 | -5/Cetus | Destroyed Cetus Guard 22869 | -5/Cetus | Spotted Cetus Guard 22873 | -5/Cetus | Spotted Cetus Guard 22874 | -5/Cetus | Destroyed Cetus Guard 22885 | -5/Cetus | Destroyed Cetus Guard 22892 | -5/Cetus | Destroyed Cetus Guard 22904 | -5/Cetus | Build established: Scavenger-Tank 22959 | -5/Cetus | Discovered new exit (range 15) 22968 | -5/Cetus | Met Revision 17 23018 | -5/Cetus | Entered Archives 23273 | -5/Archives | Unable to access archive contents 23325 | -5/Archives | Discovered new exit (range 15) 23336 | -5/Archives | Discovered new exit (range 14) 23377 | -5/Archives | Entered Hub_04(d) 23470 | -5/Hub_04(d) | Spotted B-75 Beast 23579 | -5/Hub_04(d) | Destroyed B-75 Beast 24014 | -5/Hub_04(d) | Discovered new exit (range 8) 24115 | -5/Hub_04(d) | Discovered new exit (range 9) 24231 | -5/Hub_04(d) | Discovered new exit (range 19) 24369 | -5/Hub_04(d) | Crushed by falling debris 24419 | -5/Hub_04(d) | Lost 3 parts (3u) 24460 | -5/Hub_04(d) | Discovered new exit (range 3) 24504 | -5/Hub_04(d) | Incoming investigation squad redirected 24642 | -5/Hub_04(d) | Network Hub disabled 24674 | -5/Hub_04(d) | System corruption reached 10% 24893 | -5/Hub_04(d) | Entered Factory 24893 | -4/Factory | Evolved 2 slots: Utility x2 25434 | -4/Factory | Fabricated Enh. Hardcell Cannon (x2) 26131 | -4/Factory | Discovered new exit (range 10) 26139 | -4/Factory | Spotted B-86 Titan 26144 | -4/Factory | Spotted B-86 Titan 26354 | -4/Factory | Identified exit to Upper Caves 26448 | -4/Factory | Destroyed B-86 Titan 26883 | -4/Factory | Garrison activated, responded to threat 26893 | -4/Factory | First assault squad dispatched 26916 | -4/Factory | Destroyed 7 combat bots 26983 | -4/Factory | Entered Upper Caves 27085 | -4/Upper Caves | Spotted B-86 Titan 27830 | -4/Upper Caves | Discovered new exit (range 9) 27905 | -4/Upper Caves | Entered another Upper Caves area 27953 | -4/Upper Caves | Discovered new exit (range 11) 28330 | -4/Upper Caves | Encountered a Warlord checkpoint 28558 | -4/Upper Caves | Entered an active Warlord outpost 28566 | -4/Upper Caves | A Commander dispatched an escort 28576 | -4/Upper Caves | Learned location of 1 exit from Factory 28576 | -4/Upper Caves | Learned Armory terminal intel 28667 | -4/Upper Caves | Discovered new exit (range 5) 28872 | -4/Upper Caves | Build established: Tank 29121 | -4/Upper Caves | Attracted the attention of an 0b10 checkpoint 29615 | -4/Upper Caves | Entered Warlord 29670 | -4/Warlord | System corruption cleaned by Quarantine Array 30045 | -4/Warlord | Opened Warlord's prototype stash 30070 | -4/Warlord | Found Ghost Barrier 30076 | -4/Warlord | Found Prototype Device 30076 | -4/Warlord | Identified System Purifier 30091 | -4/Warlord | Found Prototype Reactor 30105 | -4/Warlord | Identified Vortex Chain Reactor 30297 | -4/Warlord | Build established: Commander-Tank 30342 | -4/Warlord | Received a Watcher feed algorithm from an ecstatic Tinkerer 30342 | -4/Warlord | Ran a Watcher feed algorithm 30406 | -4/Warlord | Learned 4 Armory zone layouts 30406 | -4/Warlord | Learned 4 Research zone layouts 30408 | -4/Warlord | Learned location of Testing (-3) 30408 | -4/Warlord | Learned Armory trap positions 30411 | -4/Warlord | Learned Armory security intel 30411 | -4/Warlord | Learned Research security intel 30411 | -4/Warlord | Learned Research repair station intel 30443 | -4/Warlord | Warlord's base attacked by MAIN.C 30496 | -4/Warlord | Met Warlord 30629 | -4/Warlord | Found Prototype Energy Gun 30632 | -4/Warlord | Found Prototype Energy Gun 30793 | -4/Warlord | Warlord forces counterattacked 30812 | -4/Warlord | Spotted Striker 30855 | -4/Warlord | Spotted Executioner 30887 | -4/Warlord | Spotted Striker 30892 | -4/Warlord | Spotted Striker 30912 | -4/Warlord | Allies destroyed Striker 30943 | -4/Warlord | Lost 24 allies 30943 | -4/Warlord | Spotted Striker 30943 | -4/Warlord | Spotted Striker 30943 | -4/Warlord | Spotted Executioner 30951 | -4/Warlord | Allies destroyed Executioner 30953 | -4/Warlord | Destroyed Striker 30997 | -4/Warlord | Lost 6 allies 31003 | -4/Warlord | Discovered new exit (range 9) 31019 | -4/Warlord | Entered Proximity Caves 31019 | -3/Proximity Caves | Accompanied by 1 ally 31020 | -3/Proximity Caves | Identified exit to Research 31323 | -3/Proximity Caves | Build established: Tank 31898 | -3/Proximity Caves | Entered Research 31898 | -3/Research | Evolved 2 slots: Power x1, Utility x1 31899 | -3/Research | Identified exit to Armory 31902 | -3/Research | Loaded intel: 4 repair station locations 31936 | -3/Research | Repaired Imp. Heavy Armor Plating 32006 | -3/Research | Repaired Broken Centrium Heavy Treads 32098 | -3/Research | Revision forces began assault on 0b10 32100 | -3/Research | Met up with Revision 17++ 32549 | -3/Research | Build established: Hacker-Tank 32598 | -3/Research | Research terminal network offline 32634 | -3/Research | Found Fusion Bomb Launcher 32907 | -3/Research | Spotted Executioner 32909 | -3/Research | Spotted Striker 32932 | -3/Research | Destroyed Executioner 32962 | -3/Research | Lost 4 allies 33021 | -3/Research | Discovered new exit (range 16) 33266 | -3/Research | Build established: Scavenger-Tank 33433 | -3/Research | Identified Vortex Rifle (x2) 33548 | -3/Research | Spotted Executioner 33551 | -3/Research | Spotted Striker 33565 | -3/Research | Destroyed Striker 33579 | -3/Research | Destroyed Executioner 33603 | -3/Research | Destroyed 9 combat bots 33646 | -3/Research | Spotted Striker 33649 | -3/Research | Spotted Striker 33660 | -3/Research | Destroyed Striker 33728 | -3/Research | Spotted Striker 33747 | -3/Research | Destroyed Striker 33776 | -3/Research | Found Prototype Launcher 33789 | -3/Research | Identified Adv. Micro-nuke Launcher 33999 | -3/Research | Build established: Gunner 34035 | -3/Research | Spotted Executioner 34035 | -3/Research | Spotted Striker 34055 | -3/Research | Destroyed Striker 34060 | -3/Research | Destroyed Executioner 34109 | -3/Research | Found Exp. Core Analyzer 34164 | -3/Research | Spotted Striker 34205 | -3/Research | Destroyed Striker 34259 | -3/Research | Spotted Executioner 34260 | -3/Research | Spotted Striker 34279 | -3/Research | Repaired Centrium Medium Armor Plating 34338 | -3/Research | Discovered new exit (range 4) 34397 | -3/Research | Build established: Scavenger-Tank 34500 | -3/Research | System corruption reached 10% 34700 | -3/Research | Spotted Striker 34703 | -3/Research | Destroyed Striker 34885 | -3/Research | Lost 3 allies 34926 | -3/Research | Found Prototype Processor 34930 | -3/Research | Found Prototype Processor 34940 | -3/Research | Identified Exp. Melee Analysis Suite (x2) 34979 | -3/Research | Spotted Striker 34981 | -3/Research | Spotted Striker 35061 | -3/Research | Entered Armory 35062 | -3/Armory | Identified exit to Research 35062 | -3/Armory | Identified exit to Lab 35063 | -3/Armory | Loaded intel: 55 trap records 35065 | -3/Armory | Loaded intel: 8 terminal locations 35811 | -3/Armory | First assault squad dispatched 36189 | -3/Armory | Destroyed 12 combat bots 36278 | -3/Armory | Found Prototype Device 36293 | -3/Armory | Identified Adv. EM Shield 36605 | -3/Armory | Entered Lab 36605 | -3/Lab | Discovered exit to Research (range 9) 36623 | -3/Lab | Hidden lab's door opened automatically 36623 | -3/Lab | Sensor layout match revealed 36624 | -3/Lab | Gained access to the hidden lab's interior 36625 | -3/Lab | Unable to decrypt terminal 36698 | -3/Lab | Found Prototype Special Weapon 36698 | -3/Lab | Identified Gui. Remote Datajack 36750 | -3/Lab | Found Alien Artifact 36759 | -3/Lab | Found Alien Artifact 36770 | -3/Lab | Found Alien Artifact 36833 | -3/Lab | Found Prototype Energy Gun 36838 | -3/Lab | Identified Tachyon Dispersion Ray 36877 | -3/Lab | Found Deep Network Scanner 36882 | -3/Lab | Found Prototype Protection 36883 | -3/Lab | Identified Exp. Powered Armor 36888 | -3/Lab | Found Prototype Energy Cannon 36896 | -3/Lab | Identified Warp Cannon 36982 | -3/Lab | Build established: Scavenger-Mutant 37042 | -3/Lab | Unable to decrypt terminal 37683 | -3/Lab | Entered Research 37683 | -2/Research | Warlord forces began assault on 0b10 37683 | -2/Research | Evolved 2 slots: Propulsion x1, Utility x1 37793 | -2/Research | Research machine network offline 37954 | -2/Research | Build established: Scavenger-Tank 38049 | -2/Research | Borebot progress halted 38123 | -2/Research | Borebot progress halted 38156 | -2/Research | Borebot progress halted 38185 | -2/Research | Lost 14 allies 38322 | -2/Research | Discovered new exit (range 27) 38360 | -2/Research | Spotted Striker 38370 | -2/Research | Destroyed Striker 38468 | -2/Research | Spotted B-90 Cyclops 38516 | -2/Research | Spotted B-90 Cyclops 38523 | -2/Research | Destroyed B-90 Cyclops 38538 | -2/Research | Spotted Striker 38552 | -2/Research | Destroyed Striker 38773 | -2/Research | Discovered new exit (range 15) 38794 | -2/Research | Identified exit to Access 38936 | -2/Research | Found Exp. Core Analyzer 39010 | -2/Research | Destroyed B-90 Cyclops 39049 | -2/Research | Spotted Striker 39050 | -2/Research | Entered Quarantine 39071 | -2/Quarantine | Cryocooling Duct disabled 39071 | -2/Quarantine | Cryocooling Duct disabled 39086 | -2/Quarantine | Ambient heat levels rising (+40) 39086 | -2/Quarantine | Non-combat units ordered to evacuate 39086 | -2/Quarantine | Combat units ordered to evacuate 39157 | -2/Quarantine | Found Alien Artifact 39157 | -2/Quarantine | Identified Phase Armor 39186 | -2/Quarantine | Quarantine Guard activated 39218 | -2/Quarantine | Spotted Quarantine Guard 39261 | -2/Quarantine | Destroyed 7 combat bots 39279 | -2/Quarantine | Destroyed Quarantine Guard 39368 | -2/Quarantine | Spotted Quarantine Guard 39398 | -2/Quarantine | Destroyed Quarantine Guard 39567 | -2/Quarantine | Found Prototype Launcher 39579 | -2/Quarantine | Identified Ragnarok Missile Launcher 39611 | -2/Quarantine | Spotted Quarantine Guard 39631 | -2/Quarantine | Destroyed Quarantine Guard 39669 | -2/Quarantine | Found Alien Reactor 39669 | -2/Quarantine | Identified Matter Drive 39704 | -2/Quarantine | Found Prototype Device 39727 | -2/Quarantine | Spotted Quarantine Guard 39741 | -2/Quarantine | Identified Adv. Particle Accelerator 39755 | -2/Quarantine | Found Exp. Core Analyzer 39763 | -2/Quarantine | Identified Transdimensional Reconstructor 39764 | -2/Quarantine | Identified Core Regenerator 39764 | -2/Quarantine | Used Core Regenerator, restored core integrity (+362) 39766 | -2/Quarantine | Identified Integrated Dissipator 39766 | -2/Quarantine | Installed Integrated Dissipator, increased core heat dissipation (+20) 39802 | -2/Quarantine | Spotted Quarantine Guard 39839 | -2/Quarantine | Destroyed Quarantine Guard 39888 | -2/Quarantine | Destroyed Quarantine Guard 40060 | -2/Quarantine | Found Prototype Ballistic Gun 40068 | -2/Quarantine | Discovered exit to Access (range 18) 40072 | -2/Quarantine | Spotted Quarantine Guard 40075 | -2/Quarantine | Spotted Quarantine Guard 40091 | -2/Quarantine | Destroyed Quarantine Guard 40108 | -2/Quarantine | Destroyed Quarantine Guard 40409 | -2/Quarantine | Spotted Fortress 40419 | -2/Quarantine | Destroyed Fortress 40595 | -2/Quarantine | Discovered new exit (range 6) 40595 | -2/Quarantine | Discovered new exit (range 7) 40595 | -2/Quarantine | Spotted Quarantine Guard 40595 | -2/Quarantine | Spotted Quarantine Guard 40603 | -2/Quarantine | Entered Section 7 40612 | -2/Section 7 | Identified Multirail 40785 | -2/Section 7 | Found Alien Artifact 40785 | -2/Section 7 | Identified Microwarp Drive 40947 | -2/Section 7 | Targeted by mysterious "MATRIX" hacker 41012 | -2/Section 7 | Spotted B-90 Cyclops 41035 | -2/Section 7 | Found Integrated Dissipator 41035 | -2/Section 7 | Installed Integrated Dissipator, increased core heat dissipation (+20) 41091 | -2/Section 7 | Spotted S7 Guard 41111 | -2/Section 7 | Found Alien Artifact 41210 | -2/Section 7 | Destroyed S7 Guard 41285 | -2/Section 7 | Found Prototype Protection 41296 | -2/Section 7 | Identified Hvy. Regenerative Plating 41384 | -2/Section 7 | Found Unknown Device 41384 | -2/Section 7 | Identified Adv. Force Booster 41411 | -2/Section 7 | Spotted S7 Guard 41428 | -2/Section 7 | Destroyed S7 Guard 41467 | -2/Section 7 | Found Alien Artifact 41637 | -2/Section 7 | Spotted Alpha 7 41652 | -2/Section 7 | Destroyed Alpha 7 41710 | -2/Section 7 | Spotted Alpha 7 41746 | -2/Section 7 | Destroyed Alpha 7 41862 | -2/Section 7 | Core integrity fell below 50% 42103 | -2/Section 7 | First assault squad dispatched 42133 | -2/Section 7 | Identified exit to Garrison 42133 | -2/Section 7 | Entered Garrison 42231 | -2/Garrison | Spotted B-90 Cyclops 42258 | -2/Garrison | Spotted B-90 Cyclops 42277 | -2/Garrison | Destroyed 9 combat bots 42361 | -2/Garrison | Destroyed B-90 Cyclops 42371 | -2/Garrison | Destroyed B-90 Cyclops 42531 | -2/Garrison | Triggered checkpoint 42562 | -2/Garrison | Garrison Relay disabled 42681 | -2/Garrison | Triggered checkpoint 42743 | -2/Garrison | Destroyed 10 combat bots 42802 | -2/Garrison | Discovered exit to Access (range 12) 42819 | -2/Garrison | Attempted to access garrison exit controls, blocked by remote lockdown 42937 | -2/Garrison | Discovered exit to Access (range 12) 43040 | -2/Garrison | Attempted to access garrison exit controls, blocked by remote lockdown 43095 | -2/Garrison | Triggered checkpoint 43103 | -2/Garrison | Triggered checkpoint 43138 | -2/Garrison | Discovered exit to Access (range 11) 43166 | -2/Garrison | Entered Access 43166 | -1/Access | Evolved 2 slots: Power x1, Propulsion x1 43167 | -1/Access | Identified exit to Command 43382 | -1/Access | Identified Core Membrane 43382 | -1/Access | Installed Core Membrane, gained immunity to corruption 43416 | -1/Access | First assault squad dispatched 43742 | -1/Access | Destroyed 7 combat bots 44013 | -1/Access | Incoming assault squad redirected 44024 | -1/Access | Garrison activated, responded to threat 44034 | -1/Access | High security lockdown imminent 44064 | -1/Access | Lost 8 parts (3p4u1w) 44089 | -1/Access | Destroyed 19 combat bots 44114 | -1/Access | High security lockdown engaged 44181 | -1/Access | Spotted Executioner 44181 | -1/Access | Spotted Striker 44202 | -1/Access | Warped through subspace 44230 | -1/Access | Found Prototype Processor 44230 | -1/Access | Identified Exp. Signal Interpreter 44235 | -1/Access | Lost 3 parts (1n2u) 44299 | -1/Access | Spotted Executioner 44301 | -1/Access | Destroyed Executioner 44337 | -1/Access | Scanned by Researcher 44339 | -1/Access | Spotted Investigator 44344 | -1/Access | Spotted 68-NFT(K) 44356 | -1/Access | Destroyed 8 combat bots 44407 | -1/Access | Core integrity fell below 50% 44412 | -1/Access | Identified Core Physics Calibrator 44415 | -1/Access | Core integrity fell below 20% 44425 | -1/Access | Destroyed by H-88 Terminator with KE Penetrator Last Messages --------------- 44409_ Hds. Centrium Heavy Treads destroyed. 44411_ Slug penetrates G-73 Enforcer. 44411_ Warp Cannon destroyed. 44411_ Dropped Huge Storage Unit. 44412_ Penetrated by Slug. 44412_ Slug penetrates Wall. 44412_ Acquired Alien Artifact. 44412_ Identified Core Physics Calibrator. 44412_ Penetrated by Slug. 44414_ Slug penetrates Wall. 44414_ Slug penetrates G-73 Enforcer. 44415_ Slammed into H-88 Terminator. 44415_ Penetrated by Slug. 44416_ Slammed into H-88 Terminator. 44418_ Penetrated by Slug. 44419_ Slammed into H-88 Terminator. 44421_ Penetrated by Slug. 44422_ Slammed into H-88 Terminator. 44423_ Slug penetrates Wall. 44424_ Slammed into H-88 Terminator. Map ----- +----------------------------------------------------+ | ??????????????????????????????????????? | | ???????????????????????????? ?????????? | | ???????????????????????????? ?????????# | | ???????????????????????????? ###?###??# | | ???????????????????????????? # ? #??# | | ???????????????????????????? # ???# | | ???????????????????????????? # ?########## | | ???????????????????????????? # ?# | | ????????????????????????#### # ?# *%= | | ????????????????######??# + # %=%[ | | ???????????????# ??# #??? # #% | | ???????????????# ?# ! ######"####### [=% | | ???????????????# " ?# %/ %" | | ???????????????# """ #[= ######## ## | | ???????????????# """ !#g%[ #?????????## | | ???????????????# " !!h!! #??????????# | | ???????????????# [#g##/####??????????# ! | | ???????????????# ! #[## ????????????# | | ???????????????# ?#!## ??????????# | | ???????????????########?#[## #????????# | | ????????????????????????#%##!!! #????????# | | ????????????????????????#R##!!! #????????# !!! | | ????????????????????????#%##!!! ]#????????# !!! | | ????????????????????????#h#########????????# !!! | | ????????????????????????#%#????????????????# | | ????????????????????????#@#????????????????# ! | | ????????????????????????#h#????????????????### ### | | ????????????????????????# #???????????????????##?? | | ????????????????????????#u#??????????????????????? | | ????????????????????????#k#??????????????????????? | | ???????????????????????? ??????????????????????? | | ???????????????????????? ??????????????????????? | | ????????????????????????#+#??????????????????????? | | ?????????????????????????????????????????????????? | | ?????????????????????????????????????????????????? | | ?????????????????????????????????????????????????? | | ?????????????????????????????????????????????????? | | ?????????????????????????????????????????????????? | | ?????????????????????????????????????????????????? | | ?????????????????????????????????????????????????? | | ?????????????????????????????????????????????????? | | ?????????????????????????????????????????????????? | | ?????????????????????????????????????????????????? | | ?????????????????????????????????????????????????? | | ?????????????????????????????????????????????????? | | ?????????????????????????????????????????????????? | | ?????????????????????????????????????????????????? | | ?????????????????????????????????????????????????? | | ?????????????????????????????????????????????????? | | ?????????????????????????????????????????????????? | +----------------------------------------------------+ Best States ------------- Heat Dissipation 138 Coolant Potential 220 Energy Generation 81 Energy Capacity 1725 Matter Stores 558 Matter Capacity 800 Sight Range 23 Terrain Scan Range 20 Terrain Scan Density 210 ECM Strength 2 Jamming Range 16 Power Amplification 30 Base Temperature (-) 200 Corruption Block 12 Armor Coverage 1650 Resistance: KI 30 Resistance: TH 15 Resistance: EM 50 Utility Shielding 66 Weapon Shielding 90 Point Defense Rating 160 Weapon Cycling 25 Phase Shifting 15 Evasion (%) 55 Targeting Accuracy 12 Core Analysis 12 Recoil Reduction 6 Kinecelleration 40 Salvage Targeting 1 Offensive Hacking 40 Defensive Hacking 20 Item Schematics ----------------- Grenade Launcher | -9/Materials | Scanalyzed Wheel | -9/Materials | Scanalyzed Adv. Beam Cannon | -9/Materials | Scanalyzed Cooling System | -8/Materials | Scanalyzed Imp. Treads | -8/Materials | Scanalyzed Enh. Autogun | -8/Materials | Scanalyzed Med. Reactive Plating | -8/Materials | Scanalyzed Cld. Pulse Rifle | -7/Factory | Scanalyzed Combat Drone Bay | -7/Data Miner | Free Lgt. Regenerative Plating | -7/Data Miner | Free Cld. Cesium-ion Thruster | -7/Data Miner | Free Exp. Targeting Computer | -7/Data Miner | Free Com. Ion Cannon | -7/Data Miner | Free Nuclear Pulse Array | -7/Data Miner | Free Adv. Recoil Stabilizer | -7/Data Miner | Free Wave Gun | -7/Data Miner | Free Imp. Thunder Leg | -5/Extension | Hacked Centrium Heavy Treads | -4/Factory | Scanalyzed Exp. Myomer Leg | -2/Quarantine | Archive Imp. Quantum Reactor | -2/Quarantine | Archive Exp. Matter Compressor | -2/Quarantine | Archive Exp. Terrain Scan Processor | -2/Quarantine | Archive Robot Schematics ------------------ B-48 Gladiator | -7/Data Miner | Free O-24 Administrator | -7/Data Miner | Free W-25 Informer | -7/Data Miner | Free A-15 Conveyor | -7/Data Miner | Free L-41 Fighter | -7/Data Miner | Free L-61 Swordsman | -2/Quarantine | Archive G-73 Enforcer | -2/Quarantine | Archive Fabricated ------------ Exp. Targeting Computer | x1 | -5/Factory Enh. Hardcell Cannon | x2 | -4/Factory | Preloaded Repaired ---------- Assault Rifle | 34% | -10/Materials Lgt. Treads | 26% | -9/Materials Lgt. Treads | 39% | -9/Materials | Broken Med. Reactive Plating | 18% | -8/Materials Hrd. Heavy Armor Plating | 1% | -6/Factory Hrd. Medium Armor Plating | 24% | -5/Factory Imp. Heavy Armor Plating | 10% | -3/Research Centrium Heavy Treads | 41% | -3/Research | Broken Centrium Medium Armor Plating | 20% | -3/Research Studied --------- Lgt. Treads | -9/Materials | Hacked Imp. Treads | -8/Materials | Hacked Rocket Launcher | -8/Materials | Hacked Arm. Wheel | -6/Factory | Hacked Hvy. Rocket Launcher | -6/Factory | Hacked Gauss Rifle | -6/Factory | Hacked Lgt. EM Pulse Cannon | -6/Factory | Hacked Hardcell Cannon | -4/Factory | Hacked Alien Tech Used ----------------- Phase Armor Matter Drive Core Regenerator Integrated Dissipator Microwarp Drive Core Membrane Transdimensional Reconstructor Core Physics Calibrator Achievements -------------- Anti-science Crusade Botjacking Construction Begets Destruction DIY Cooler Fancy Inventory Hot Stuff I Laugh At Your Crits Immobile And Lovin' It Left-hand Path Let Me Out Of Here Look Less Dangerous Next Time Resistances Are Futile Tank Life The Better Part Of Valor Thread The Needle Around The Corner Vwoop! Well-fed Force Field Wiki Contributor Challenges ------------ None Game ------ Seed LaunchBehemothMount Manual? 0 Play Time 14:26:37 Cumulative 264.1 hours Start 2026.08.09 @ 11:08:34 End 2026.08.10 @ 19:40:39 Sessions 7 Manual Loads 0 Difficulty Rogue Special Mode None Game No. 68 Rogue 68 Adventurer 0 Explorer 0 Win Type - Total 10 Types 5/0/2/0/1/1/0/1/0/0 Lore% 65 Gallery% 71 Achievement% 52 Wizard Run 0 Options --------- Layout 2 ASCII 0 Keyboard 1 Movement Vi Keybinds 0 Fullscreen 1 Font 24/Smallcaps Map View 50x44 Zoom Use 0% Tactical HUD 1 Map Filters NONE Filters NONE Steam 1 RUN: 2954e4ff-7ecc-4397-bf56-dac4abe8fa2c